Workbook

Sheet Planilha Orçamentária
A1: SECRETARIA DE SERVIÇOS PÚBLICOS E OBRAS
A2: Divisão de Gerenciamento Viário
A3: PLANILHA ORÇAMENTÁRIA
A5: CDHU 195 SEM DESONERAÇÃO – AGOSTO/24 – SINAPI SEM DESONERAÇÃO – SETEMBRO/2024
A6: OBRA: | B6: PAVIMENTAÇÃO E RECAPEAMENTO ASFÁLTICO | G6: Comprimento(m): | I6: =MDC!E15 -> 3293.13
A7: Local: | B7: Rua Dr. Fausto Pereira Telles Filho, rua Celso Benedito de Madureira Moreira, rua Bernardo Mascarenhas Martins, rua Nelson Pires de Campos, rua José Maria do Amaral, rua Rosa Molineiro Ventrella, rua José Ortega Lopes, rua Diogo Soler e rua Antônio Cândido de Oliveira - Bairro chácara 3 Marias; Rua Maria Raphaela Pagliucca e rua Antônio Fruet – Bairro Jardim Nilton Torres | G7: Área(m2): | I7: =MDC!D15 -> 23279.9
A9: ITEM | B9: CÓDIGO | C9: REF | D9: Serviço | E9: Un. | F9: Quant. | G9: Custo (R$) | I9: Total (R$)
A11: 1 | B11: SERVIÇOS PRELIMINARES
A12: 1.1 | B12: 103689 | C12: SINAPI | D12: FORNECIMENTO E INSTALAÇÃO DE PLACA DE OBRA COM CHAPA GALVANIZADA E ESTRUTURA DE MADEIRA. AF_03/2022_PS | E12: M2 | F12: 9 | G12: R$ | H12: =VLOOKUP(B12,Planilha4!$A$7:$D$8000,4,0) -> 470.52 | I12: R$ | J12: =F12*H12 -> 4234.68
H13: Sub-total: | I13: R$ | J13: =SUM(J12:J12) -> 4234.68
A14: 2 | B14: PAVIMENTAÇÃO ASFÁLTICA - RUA CELSO BENEDITO DE MADUREIRA MOREIRA, RUA JOSÉ MARIA DO AMARAL, RUA JOSÉ ORTEGA LOPES E RUA ROSA M. VENTRELLA
A15: 2.1 | B15: TERRAPLANAGEM
A16: 2.1.1 | B16: 98525 | C16: SINAPI | D16: LIMPEZA MECANIZADA DE CAMADA VEGETAL, VEGETAÇÃO E PEQUENAS ÁRVORES (DIÂMETRO DE TRONCO MENOR QUE 0,20 M), COM TRATOR DE ESTEIRAS.AF_05/2018 | E16: M2 | F16: =(MDC!E5+MDC!E8+MDC!E9+MDC!E10)*2.5 -> 2168.975 | G16: R$ | H16: =VLOOKUP(B16,Planilha4!$A$7:$D$8000,4,0) -> 0.69 | I16: R$ | J16: =H16*F16 -> 1496.5928
A17: 2.1.2 | B17: 100978 | C17: SINAPI | D17: CARGA, MANOBRA E DESCARGA DE SOLOS E MATERIAIS GRANULARES EM CAMINHÃO BASCULANTE 10 M³ - CARGA COM ESCAVADEIRA HIDRÁULICA (CAÇAMBA DE 1,20 M³ / 155 HP) E DESCARGA LIVRE (UNIDADE: M3). AF_07/2020 | E17: M3 | F17: =F16*0.1*1.3 -> 281.96675 | G17: R$ | H17: =VLOOKUP(B17,Planilha4!$A$7:$D$8000,4,0) -> 7.22 | I17: R$ | J17: =H17*F17 -> 2035.7999
A18: 2.1.3 | B18: 95875 | C18: SINAPI | D18: TRANSPORTE COM CAMINHÃO BASCULANTE DE 10 M³, EM VIA URBANA PAVIMENTADA, DMT ATÉ 30 KM (UNIDADE: M3XKM). AF_07/2020 | E18: M3XKM | F18: =F17*MDC!K18 -> 4483.2713 | G18: R$ | H18: =VLOOKUP(B18,Planilha4!$A$7:$D$8000,4,0) -> 2.56 | I18: R$ | J18: =H18*F18 -> 11477.175
A19: 2.1.4 | B19: 101141 | C19: SINAPI | D19: ESCAVAÇÃO HORIZONTAL, INCLUINDO ESCARIFICAÇÃO, CARGA, DESCARGA E TRANSPORTE EM SOLO DE 2A CATEGORIA COM TRATOR DE ESTEIRAS (170HP/LÂMINA: 5,20M3) E CAMINHÃO BASCULANTE DE 10M3, DMT ATÉ 200M. AF_07/2020 | E19: M3 | F19: =(MDC!D5+MDC!D8+MDC!D9+MDC!D10)*0.45 -> 2547.2205 | G19: R$ | H19: =VLOOKUP(B19,Planilha4!$A$7:$D$8000,4,0) -> 16.78 | I19: R$ | J19: =H19*F19 -> 42742.36
A20: 2.1.5 | B20: 95875 | C20: SINAPI | D20: TRANSPORTE COM CAMINHÃO BASCULANTE DE 10 M³, EM VIA URBANA PAVIMENTADA, DMT ATÉ 30 KM (UNIDADE: M3XKM). AF_07/2020 | E20: M3XKM | F20: =F19*MDC!K18*1.3 -> 52651.048 | G20: R$ | H20: =VLOOKUP(B20,Planilha4!$A$7:$D$8000,4,0) -> 2.56 | I20: R$ | J20: =H20*F20 -> 134786.68
A21: 2.1.6 | B21: 100576 | C21: SINAPI | D21: REGULARIZAÇÃO E COMPACTAÇÃO DE SUBLEITO DE SOLO PREDOMINANTEMENTE ARGILOSO. AF_11/2019 | E21: M2 | F21: =MDC!D5+MDC!D8+MDC!D9+MDC!D10 -> 5660.49 | G21: R$ | H21: =VLOOKUP(B21,Planilha4!$A$7:$D$8000,4,0) -> 2.14 | I21: R$ | J21: =H21*F21 -> 12113.449 | O21: Laterais | P21: =1.2*2*0.2 -> 0.48
A22: 2.1.7 | B22: 100569 | C22: SINAPI | D22: EXECUÇÃO E COMPACTAÇÃO DE BASE E OU SUB-BASE PARA PAVIMENTAÇÃO DE SOLO (PREDOMINANTEMENTE ARENOSO) COM CIMENTO (TEOR DE 4%) - EXCLUSIVE SOLO, ESCAVAÇÃO, CARGA E TRANSPORTE. AF_11/2019 – 20CM | E22: M3 | F22: =(MDC!D5+MDC!D8+MDC!D9+MDC!D10)*0.2 -> 1132.098 | G22: R$ | H22: =VLOOKUP(B22,Planilha4!$A$7:$D$8000,4,0) -> 127.87 | I22: R$ | J22: =H22*F22 -> 144761.37 | L22: =F22+F52+F82+F112 -> 4167.484
A23: 2.1.8 | B23: 100978 | C23: SINAPI | D23: CARGA, MANOBRA E DESCARGA DE SOLOS E MATERIAIS GRANULARES EM CAMINHÃO BASCULANTE 10 M³ - CARGA COM ESCAVADEIRA HIDRÁULICA (CAÇAMBA DE 1,20 M³ / 155 HP) E DESCARGA LIVRE (UNIDADE: M3). AF_07/2020 | E23: M3 | F23: =F22*0.66 -> 747.18468 | G23: R$ | H23: =VLOOKUP(B23,Planilha4!$A$7:$D$8000,4,0) -> 7.22 | I23: R$ | J23: =H23*F23 -> 5394.6734 | L23: =L22/2 -> 2083.742
A24: 2.1.9 | B24: 95875 | C24: SINAPI | D24: TRANSPORTE COM CAMINHÃO BASCULANTE DE 10 M³, EM VIA URBANA PAVIMENTADA, DMT ATÉ 30 KM (UNIDADE: M3XKM). AF_07/2020 | E24: M3XKM | F24: =F23*Planilha1!D7 -> 18799.167 | G24: R$ | H24: =VLOOKUP(B24,Planilha4!$A$7:$D$8000,4,0) -> 2.56 | I24: R$ | J24: =H24*F24 -> 48125.866
H25: Sub-total: | I25: R$ | J25: =SUM(J16:J24) -> 402933.97
A26: 2.2 | B26: EXECUÇÃO DE BASE E IMPRIMAÇÃO
A27: 2.2.1 | B27: 96396 | C27: SINAPI | D27: EXECUÇÃO E COMPACTAÇÃO DE BASE E OU SUB BASE PARA PAVIMENTAÇÃO DE BRITA GRADUADA SIMPLES – EXCLUSIVE CARGA E TRANSPORTE. AF_11/2019 – 15CM | E27: M3 | F27: =(MDC!D5+MDC!D8+MDC!D9+MDC!D10)*0.15 -> 849.0735 | G27: R$ | H27: =VLOOKUP(B27,Planilha4!$A$7:$D$8000,4,0) -> 128.59 | I27: R$ | J27: =F27*H27 -> 109182.36 | L27: =F27+F57+F87+F117 -> 3125.613
A28: 2.2.2 | B28: 100978 | C28: SINAPI | D28: CARGA, MANOBRA E DESCARGA DE SOLOS E MATERIAIS GRANULARES EM CAMINHÃO BASCULANTE 10 M³ - CARGA COM ESCAVADEIRA HIDRÁULICA (CAÇAMBA DE 1,20 M³ / 155 HP) E DESCARGA LIVRE (UNIDADE: M3). AF_07/2020 | E28: M3 | F28: =F27 -> 849.0735 | G28: R$ | H28: =VLOOKUP(B28,Planilha4!$A$7:$D$8000,4,0) -> 7.22 | I28: R$ | J28: =F28*H28 -> 6130.3107 | L28: =L27/2 -> 1562.8065
A29: 2.2.3 | B29: 95875 | C29: SINAPI | D29: TRANSPORTE COM CAMINHÃO BASCULANTE DE 10 M³, EM VIA URBANA PAVIMENTADA, DMT ATÉ 30 KM (UNIDADE: M3XKM). AF_07/2020 | E29: M3XKM | F29: =F28*Planilha1!D7 -> 21362.689 | G29: R$ | H29: =VLOOKUP(B29,Planilha4!$A$7:$D$8000,4,0) -> 2.56 | I29: R$ | J29: =F29*H29 -> 54688.485
A30: 2.2.4 | B30: 54.03.240 | C30: CDHU | D30: Imprimação betuminosa impermeabilizante | E30: M2 | F30: =MDC!D5+MDC!D8+MDC!D9+MDC!D10 -> 5660.49 | G30: R$ | H30: 15.59 | I30: R$ | J30: =F30*H30 -> 88247.039
A31: 2.2.5 | B31: 54.03.230 | C31: CDHU | D31: Imprimação betuminosa ligante | E31: M2 | F31: =F30*2 -> 11320.98 | G31: R$ | H31: 6.02 | I31: R$ | J31: =F31*H31 -> 68152.3
H32: Sub-total: | I32: R$ | J32: =SUM(J27:J31) -> 326400.5
A33: 2.3 | B33: PAVIMENTAÇÃO ASFÁLTICA
A34: 2.3.1 | B34: 95996 | C34: SINAPI | D34: EXECUÇÃO DE PAVIMENTO COM APLICAÇÃO DE CONCRETO ASFÁLTICO, CAMADA DE BINDER - EXCLUSIVE CARGA E TRANSPORTE. AF_11/2019 – 4CM | E34: M3 | F34: =(MDC!D5+MDC!D8+MDC!D9+MDC!D10)*0.04 -> 226.4196 | G34: R$ | H34: =VLOOKUP(B34,Planilha4!$A$7:$D$8000,4,0) -> 1245.65 | I34: R$ | J34: =F34*H34 -> 282039.57 | L34: =F34+F64+F94+F122 -> 833.4968
A35: 2.3.2 | B35: 100986 | C35: SINAPI | D35: CARGA DE MISTURA ASFÁLTICA EM CAMINHÃO BASCULANTE 10 M³ (UNIDADE: M3). AF_07/2020 | E35: M3 | F35: =F34 -> 226.4196 | G35: R$ | H35: =VLOOKUP(B35,Planilha4!$A$7:$D$8000,4,0) -> 9.39 | I35: R$ | J35: =F35*H35 -> 2126.08 | L35: =L34/2 -> 416.7484
A36: 2.3.3 | B36: 95875 | C36: SINAPI | D36: TRANSPORTE COM CAMINHÃO BASCULANTE DE 10 M³, EM VIA URBANA PAVIMENTADA, DMT ATÉ 30 KM (UNIDADE: M3XKM). AF_07/2020 | E36: M3XKM | F36: =F35*Planilha1!D7 -> 5696.7171 | G36: R$ | H36: =VLOOKUP(B36,Planilha4!$A$7:$D$8000,4,0) -> 2.56 | I36: R$ | J36: =F36*H36 -> 14583.596
A37: 2.3.4 | B37: 95995 | C37: SINAPI | D37: EXECUÇÃO DE PAVIMENTO COM APLICAÇÃO DE CONCRETO ASFÁLTICO, CAMADA DE ROLAMENTO - EXCLUSIVE CARGA E TRANSPORTE. AF_11/2019 – 4CM | E37: M3 | F37: =(MDC!D5+MDC!D8+MDC!D9+MDC!D10)*0.04 -> 226.4196 | G37: R$ | H37: =VLOOKUP(B37,Planilha4!$A$7:$D$8000,4,0) -> 1444.78 | I37: R$ | J37: =F37*H37 -> 327126.51 | L37: =F37+F67+F125+F135+F97 -> 931.196
A38: 2.3.5 | B38: 100986 | C38: SINAPI | D38: CARGA DE MISTURA ASFÁLTICA EM CAMINHÃO BASCULANTE 10 M³ (UNIDADE: M3). AF_07/2020 | E38: M3 | F38: =F37 -> 226.4196 | G38: R$ | H38: =VLOOKUP(B38,Planilha4!$A$7:$D$8000,4,0) -> 9.39 | I38: R$ | J38: =F38*H38 -> 2126.08 | L38: =L37/2 -> 465.598
A39: 2.3.6 | B39: 95875 | C39: SINAPI | D39: TRANSPORTE COM CAMINHÃO BASCULANTE DE 10 M³, EM VIA URBANA PAVIMENTADA, DMT ATÉ 30 KM (UNIDADE: M3XKM). AF_07/2020 | E39: M3XKM | F39: =F38*Planilha1!D7 -> 5696.7171 | G39: R$ | H39: =VLOOKUP(B39,Planilha4!$A$7:$D$8000,4,0) -> 2.56 | I39: R$ | J39: =F39*H39 -> 14583.596
H40: Sub-total: | I40: R$ | J40: =SUM(J34:J39) -> 642585.44
A41: 3 | B41: PAVIMENTAÇÃO ASFÁLTICA - RUA BERNARDO MASCARENHAS MARTINS, RUA NELSON PIRES DE CAMPOS, RUA DIOGO SOLER SOLER E RUA ANTÔNIO C. OLIVEIRA
A42: 3.1 | B42: TERRAPLANAGEM
A43: 3.1.1 | B43: 98525 | C43: SINAPI | D43: LIMPEZA MECANIZADA DE CAMADA VEGETAL, VEGETAÇÃO E PEQUENAS ÁRVORES (DIÂMETRO DE TRONCO MENOR QUE 0,20 M), COM TRATOR DE ESTEIRAS.AF_05/2018 | E43: M2 | F43: =(MDC!E6+MDC!E7+MDC!E11+MDC!E12)*2.5 -> 2183.65 | G43: R$ | H43: =VLOOKUP(B43,Planilha4!$A$7:$D$8000,4,0) -> 0.69 | I43: R$ | J43: =H43*F43 -> 1506.7185
A44: 3.1.2 | B44: 100978 | C44: SINAPI | D44: CARGA, MANOBRA E DESCARGA DE SOLOS E MATERIAIS GRANULARES EM CAMINHÃO BASCULANTE 10 M³ - CARGA COM ESCAVADEIRA HIDRÁULICA (CAÇAMBA DE 1,20 M³ / 155 HP) E DESCARGA LIVRE (UNIDADE: M3). AF_07/2020 | E44: M3 | F44: =F43*0.1*1.3 -> 283.8745 | G44: R$ | H44: =VLOOKUP(B44,Planilha4!$A$7:$D$8000,4,0) -> 7.22 | I44: R$ | J44: =H44*F44 -> 2049.5739
A45: 3.1.3 | B45: 95875 | C45: SINAPI | D45: TRANSPORTE COM CAMINHÃO BASCULANTE DE 10 M³, EM VIA URBANA PAVIMENTADA, DMT ATÉ 30 KM (UNIDADE: M3XKM). AF_07/2020 | E45: M3XKM | F45: =F44*MDC!K18 -> 4513.6046 | G45: R$ | H45: =VLOOKUP(B45,Planilha4!$A$7:$D$8000,4,0) -> 2.56 | I45: R$ | J45: =H45*F45 -> 11554.828
A46: 3.1.4 | B46: 97636 | C46: SINAPI | D46: DEMOLIÇÃO PARCIAL DE PAVIMENTO ASFÁLTICO, DE FORMA MECANIZADA, SEM REAPROVEITAMENTO. AF_09/2023 | E46: M2 | F46: =100*6.5 -> 650 | G46: R$ | H46: =VLOOKUP(B46,Planilha4!$A$7:$D$8000,4,0) -> 24.44 | I46: R$ | J46: =H46*F46 -> 15886 | L46: =F46+F76+F106 -> 10078.18
A47: 3.1.5 | B47: 100982 | C47: SINAPI | D47: CARGA, MANOBRA E DESCARGA DE ENTULHO EM CAMINHÃO BASCULANTE 10 M³ - CARGA COM ESCAVADEIRA HIDRÁULICA (CAÇAMBA DE 0,80 M³ / 111 HP) E DESCARGA LIVRE (UNIDADE: M3). AF_07/2020 | E47: M3 | F47: =F46*0.05*1.3 -> 42.25 | G47: R$ | H47: =VLOOKUP(B47,Planilha4!$A$7:$D$8000,4,0) -> 9.34 | I47: R$ | J47: =H47*F47 -> 394.615 | L47: =L46/2 -> 5039.09
A48: 3.1.6 | B48: 93590 | C48: SINAPI | D48: TRANSPORTE COM CAMINHÃO BASCULANTE DE 10 M³, EM VIA URBANA PAVIMENTADA, ADICIONAL PARA DMT EXCEDENTE A 30 KM (UNIDADE: M3XKM). AF_07/2020 | E48: M3XKM | F48: =F47*MDC!K18 -> 671.775 | G48: R$ | H48: =VLOOKUP(B48,Planilha4!$A$7:$D$8000,4,0) -> 1.01 | I48: R$ | J48: =H48*F48 -> 678.49275
A49: 3.1.7 | B49: 101141 | C49: SINAPI | D49: ESCAVAÇÃO HORIZONTAL, INCLUINDO ESCARIFICAÇÃO, CARGA, DESCARGA E TRANSPORTE EM SOLO DE 2A CATEGORIA COM TRATOR DE ESTEIRAS (170HP/LÂMINA: 5,20M3) E CAMINHÃO BASCULANTE DE 10M3, DMT ATÉ 200M. AF_07/2020 | E49: M3 | F49: =(MDC!D6+MDC!D7+MDC!D11+MDC!D12)*0.45 -> 2586.9375 | G49: R$ | H49: =VLOOKUP(B49,Planilha4!$A$7:$D$8000,4,0) -> 16.78 | I49: R$ | J49: =H49*F49 -> 43408.811
A50: 3.1.8 | B50: 95875 | C50: SINAPI | D50: TRANSPORTE COM CAMINHÃO BASCULANTE DE 10 M³, EM VIA URBANA PAVIMENTADA, DMT ATÉ 30 KM (UNIDADE: M3XKM). AF_07/2020 | E50: M3XKM | F50: =F49*MDC!K18*1.3 -> 53471.998 | G50: R$ | H50: =VLOOKUP(B50,Planilha4!$A$7:$D$8000,4,0) -> 2.56 | I50: R$ | J50: =H50*F50 -> 136888.32
A51: 3.1.9 | B51: 100576 | C51: SINAPI | D51: REGULARIZAÇÃO E COMPACTAÇÃO DE SUBLEITO DE SOLO PREDOMINANTEMENTE ARGILOSO. AF_11/2019 | E51: M2 | F51: =MDC!D6+MDC!D7+MDC!D11+MDC!D12 -> 5748.75 | G51: R$ | H51: =VLOOKUP(B51,Planilha4!$A$7:$D$8000,4,0) -> 2.14 | I51: R$ | J51: =H51*F51 -> 12302.325
A52: 3.1.10 | B52: 100569 | C52: SINAPI | D52: EXECUÇÃO E COMPACTAÇÃO DE BASE E OU SUB-BASE PARA PAVIMENTAÇÃO DE SOLO (PREDOMINANTEMENTE ARENOSO) COM CIMENTO (TEOR DE 4%) - EXCLUSIVE SOLO, ESCAVAÇÃO, CARGA E TRANSPORTE. AF_11/2019 – 20CM | E52: M3 | F52: =(MDC!D6+MDC!D7+MDC!D11+MDC!D12)*0.2 -> 1149.75 | G52: R$ | H52: =VLOOKUP(B52,Planilha4!$A$7:$D$8000,4,0) -> 127.87 | I52: R$ | J52: =H52*F52 -> 147018.53
A53: 3.1.11 | B53: 100978 | C53: SINAPI | D53: CARGA, MANOBRA E DESCARGA DE SOLOS E MATERIAIS GRANULARES EM CAMINHÃO BASCULANTE 10 M³ - CARGA COM ESCAVADEIRA HIDRÁULICA (CAÇAMBA DE 1,20 M³ / 155 HP) E DESCARGA LIVRE (UNIDADE: M3). AF_07/2020 | E53: M3 | F53: =F52*0.66 -> 758.835 | G53: R$ | H53: =VLOOKUP(B53,Planilha4!$A$7:$D$8000,4,0) -> 7.22 | I53: R$ | J53: =H53*F53 -> 5478.7887
A54: 3.1.12 | B54: 95875 | C54: SINAPI | D54: TRANSPORTE COM CAMINHÃO BASCULANTE DE 10 M³, EM VIA URBANA PAVIMENTADA, DMT ATÉ 30 KM (UNIDADE: M3XKM). AF_07/2020 | E54: M3XKM | F54: =F53*Planilha1!D7 -> 19092.289 | G54: R$ | H54: =VLOOKUP(B54,Planilha4!$A$7:$D$8000,4,0) -> 2.56 | I54: R$ | J54: =H54*F54 -> 48876.259
H55: Sub-total: | I55: R$ | J55: =SUM(J43:J54) -> 426043.26
A56: 3.2 | B56: EXECUÇÃO DE BASE E IMPRIMAÇÃO
A57: 3.2.1 | B57: 96396 | C57: SINAPI | D57: EXECUÇÃO E COMPACTAÇÃO DE BASE E OU SUB BASE PARA PAVIMENTAÇÃO DE BRITA GRADUADA SIMPLES – EXCLUSIVE CARGA E TRANSPORTE. AF_11/2019 – 15CM | E57: M3 | F57: =(MDC!D6+MDC!D7+MDC!D11+MDC!D12)*0.15 -> 862.3125 | G57: R$ | H57: =VLOOKUP(B57,Planilha4!$A$7:$D$8000,4,0) -> 128.59 | I57: R$ | J57: =F57*H57 -> 110884.76
A58: 3.2.2 | B58: 100978 | C58: SINAPI | D58: CARGA, MANOBRA E DESCARGA DE SOLOS E MATERIAIS GRANULARES EM CAMINHÃO BASCULANTE 10 M³ - CARGA COM ESCAVADEIRA HIDRÁULICA (CAÇAMBA DE 1,20 M³ / 155 HP) E DESCARGA LIVRE (UNIDADE: M3). AF_07/2020 | E58: M3 | F58: =F57 -> 862.3125 | G58: R$ | H58: =VLOOKUP(B58,Planilha4!$A$7:$D$8000,4,0) -> 7.22 | I58: R$ | J58: =F58*H58 -> 6225.8962
A59: 3.2.3 | B59: 95875 | C59: SINAPI | D59: TRANSPORTE COM CAMINHÃO BASCULANTE DE 10 M³, EM VIA URBANA PAVIMENTADA, DMT ATÉ 30 KM (UNIDADE: M3XKM). AF_07/2020 | E59: M3XKM | F59: =F58*Planilha1!D7 -> 21695.783 | G59: R$ | H59: =VLOOKUP(B59,Planilha4!$A$7:$D$8000,4,0) -> 2.56 | I59: R$ | J59: =F59*H59 -> 55541.203
A60: 3.2.4 | B60: 54.03.240 | C60: CDHU | D60: Imprimação betuminosa impermeabilizante | E60: M2 | F60: =MDC!D6+MDC!D7+MDC!D11+MDC!D12 -> 5748.75 | G60: R$ | H60: 15.59 | I60: R$ | J60: =F60*H60 -> 89623.012
A61: 3.2.5 | B61: 54.03.230 | C61: CDHU | D61: Imprimação betuminosa ligante | E61: M2 | F61: =F60*2 -> 11497.5 | G61: R$ | H61: 6.02 | I61: R$ | J61: =F61*H61 -> 69214.95
H62: Sub-total: | I62: R$ | J62: =SUM(J57:J61) -> 331489.83
A63: 3.3 | B63: PAVIMENTAÇÃO ASFÁLTICA
A64: 3.3.1 | B64: 95996 | C64: SINAPI | D64: EXECUÇÃO DE PAVIMENTO COM APLICAÇÃO DE CONCRETO ASFÁLTICO, CAMADA DE BINDER - EXCLUSIVE CARGA E TRANSPORTE. AF_11/2019 – 4CM | E64: M3 | F64: =(MDC!D6+MDC!D7+MDC!D11+MDC!D12)*0.04 -> 229.95 | G64: R$ | H64: =VLOOKUP(B64,Planilha4!$A$7:$D$8000,4,0) -> 1245.65 | I64: R$ | J64: =F64*H64 -> 286437.22
A65: 3.3.2 | B65: 100986 | C65: SINAPI | D65: CARGA DE MISTURA ASFÁLTICA EM CAMINHÃO BASCULANTE 10 M³ (UNIDADE: M3). AF_07/2020 | E65: M3 | F65: =F64 -> 229.95 | G65: R$ | H65: =VLOOKUP(B65,Planilha4!$A$7:$D$8000,4,0) -> 9.39 | I65: R$ | J65: =F65*H65 -> 2159.2305
A66: 3.3.3 | B66: 95875 | C66: SINAPI | D66: TRANSPORTE COM CAMINHÃO BASCULANTE DE 10 M³, EM VIA URBANA PAVIMENTADA, DMT ATÉ 30 KM (UNIDADE: M3XKM). AF_07/2020 | E66: M3XKM | F66: =F65*Planilha1!D7 -> 5785.542 | G66: R$ | H66: =VLOOKUP(B66,Planilha4!$A$7:$D$8000,4,0) -> 2.56 | I66: R$ | J66: =F66*H66 -> 14810.988
A67: 3.3.4 | B67: 95995 | C67: SINAPI | D67: EXECUÇÃO DE PAVIMENTO COM APLICAÇÃO DE CONCRETO ASFÁLTICO, CAMADA DE ROLAMENTO - EXCLUSIVE CARGA E TRANSPORTE. AF_11/2019 – 4CM | E67: M3 | F67: =(MDC!D6+MDC!D7+MDC!D11+MDC!D12)*0.04 -> 229.95 | G67: R$ | H67: =VLOOKUP(B67,Planilha4!$A$7:$D$8000,4,0) -> 1444.78 | I67: R$ | J67: =F67*H67 -> 332227.16
A68: 3.3.5 | B68: 100986 | C68: SINAPI | D68: CARGA DE MISTURA ASFÁLTICA EM CAMINHÃO BASCULANTE 10 M³ (UNIDADE: M3). AF_07/2020 | E68: M3 | F68: =F67 -> 229.95 | G68: R$ | H68: =VLOOKUP(B68,Planilha4!$A$7:$D$8000,4,0) -> 9.39 | I68: R$ | J68: =F68*H68 -> 2159.2305
A69: 3.3.6 | B69: 95875 | C69: SINAPI | D69: TRANSPORTE COM CAMINHÃO BASCULANTE DE 10 M³, EM VIA URBANA PAVIMENTADA, DMT ATÉ 30 KM (UNIDADE: M3XKM). AF_07/2020 | E69: M3XKM | F69: =F68*Planilha1!D7 -> 5785.542 | G69: R$ | H69: =VLOOKUP(B69,Planilha4!$A$7:$D$8000,4,0) -> 2.56 | I69: R$ | J69: =F69*H69 -> 14810.988
H70: Sub-total: | I70: R$ | J70: =SUM(J64:J69) -> 652604.81
A71: 4 | B71: PAVIMENTAÇÃO ASFÁLTICA – RUA DOUTOR FAUSTO TELLES FILHO
A72: 4.1 | B72: TERRAPLANAGEM
A73: 4.1.1 | B73: 98525 | C73: SINAPI | D73: LIMPEZA MECANIZADA DE CAMADA VEGETAL, VEGETAÇÃO E PEQUENAS ÁRVORES (DIÂMETRO DE TRONCO MENOR QUE 0,20 M), COM TRATOR DE ESTEIRAS.AF_05/2018 | E73: M2 | F73: =MDC!E13*2.5 -> 2456.15 | G73: R$ | H73: =VLOOKUP(B73,Planilha4!$A$7:$D$8000,4,0) -> 0.69 | I73: R$ | J73: =H73*F73 -> 1694.7435
A74: 4.1.2 | B74: 100978 | C74: SINAPI | D74: CARGA, MANOBRA E DESCARGA DE SOLOS E MATERIAIS GRANULARES EM CAMINHÃO BASCULANTE 10 M³ - CARGA COM ESCAVADEIRA HIDRÁULICA (CAÇAMBA DE 1,20 M³ / 155 HP) E DESCARGA LIVRE (UNIDADE: M3). AF_07/2020 | E74: M3 | F74: =F73*0.1*1.3 -> 319.2995 | G74: R$ | H74: =VLOOKUP(B74,Planilha4!$A$7:$D$8000,4,0) -> 7.22 | I74: R$ | J74: =H74*F74 -> 2305.3424
A75: 4.1.3 | B75: 95875 | C75: SINAPI | D75: TRANSPORTE COM CAMINHÃO BASCULANTE DE 10 M³, EM VIA URBANA PAVIMENTADA, DMT ATÉ 30 KM (UNIDADE: M3XKM). AF_07/2020 | E75: M3XKM | F75: =F74*MDC!K18 -> 5076.862 | G75: R$ | H75: =VLOOKUP(B75,Planilha4!$A$7:$D$8000,4,0) -> 2.56 | I75: R$ | J75: =H75*F75 -> 12996.767
A76: 4.1.4 | B76: 97636 | C76: SINAPI | D76: DEMOLIÇÃO PARCIAL DE PAVIMENTO ASFÁLTICO, DE FORMA MECANIZADA, SEM REAPROVEITAMENTO. AF_09/2023 | E76: M2 | F76: =MDC!D13 -> 6906.44 | G76: R$ | H76: =VLOOKUP(B76,Planilha4!$A$7:$D$8000,4,0) -> 24.44 | I76: R$ | J76: =H76*F76 -> 168793.39
A77: 4.1.5 | B77: 100982 | C77: SINAPI | D77: CARGA, MANOBRA E DESCARGA DE ENTULHO EM CAMINHÃO BASCULANTE 10 M³ - CARGA COM ESCAVADEIRA HIDRÁULICA (CAÇAMBA DE 0,80 M³ / 111 HP) E DESCARGA LIVRE (UNIDADE: M3). AF_07/2020 | E77: M3 | F77: =F76*0.05*1.3 -> 448.9186 | G77: R$ | H77: =VLOOKUP(B77,Planilha4!$A$7:$D$8000,4,0) -> 9.34 | I77: R$ | J77: =H77*F77 -> 4192.8997
A78: 4.1.6 | B78: 93590 | C78: SINAPI | D78: TRANSPORTE COM CAMINHÃO BASCULANTE DE 10 M³, EM VIA URBANA PAVIMENTADA, ADICIONAL PARA DMT EXCEDENTE A 30 KM (UNIDADE: M3XKM). AF_07/2020 | E78: M3XKM | F78: =F77*MDC!K18 -> 7137.8057 | G78: R$ | H78: =VLOOKUP(B78,Planilha4!$A$7:$D$8000,4,0) -> 1.01 | I78: R$ | J78: =H78*F78 -> 7209.1838
A79: 4.1.7 | B79: 101141 | C79: SINAPI | D79: ESCAVAÇÃO HORIZONTAL, INCLUINDO ESCARIFICAÇÃO, CARGA, DESCARGA E TRANSPORTE EM SOLO DE 2A CATEGORIA COM TRATOR DE ESTEIRAS (170HP/LÂMINA: 5,20M3) E CAMINHÃO BASCULANTE DE 10M3, DMT ATÉ 200M. AF_07/2020 | E79: M3 | F79: =MDC!D13*0.45 -> 3107.898 | G79: R$ | H79: =VLOOKUP(B79,Planilha4!$A$7:$D$8000,4,0) -> 16.78 | I79: R$ | J79: =H79*F79 -> 52150.528
A80: 4.1.8 | B80: 95875 | C80: SINAPI | D80: TRANSPORTE COM CAMINHÃO BASCULANTE DE 10 M³, EM VIA URBANA PAVIMENTADA, DMT ATÉ 30 KM (UNIDADE: M3XKM). AF_07/2020 | E80: M3XKM | F80: =F79*MDC!K18*1.3 -> 64240.252 | G80: R$ | H80: =VLOOKUP(B80,Planilha4!$A$7:$D$8000,4,0) -> 2.56 | I80: R$ | J80: =H80*F80 -> 164455.04
A81: 4.1.9 | B81: 100576 | C81: SINAPI | D81: REGULARIZAÇÃO E COMPACTAÇÃO DE SUBLEITO DE SOLO PREDOMINANTEMENTE ARGILOSO. AF_11/2019 | E81: M2 | F81: =MDC!D13 -> 6906.44 | G81: R$ | H81: =VLOOKUP(B81,Planilha4!$A$7:$D$8000,4,0) -> 2.14 | I81: R$ | J81: =H81*F81 -> 14779.782
A82: 4.1.10 | B82: 100569 | C82: SINAPI | D82: EXECUÇÃO E COMPACTAÇÃO DE BASE E OU SUB-BASE PARA PAVIMENTAÇÃO DE SOLO (PREDOMINANTEMENTE ARENOSO) COM CIMENTO (TEOR DE 4%) - EXCLUSIVE SOLO, ESCAVAÇÃO, CARGA E TRANSPORTE. AF_11/2019 – 20CM | E82: M3 | F82: =F81*0.2 -> 1381.288 | G82: R$ | H82: =VLOOKUP(B82,Planilha4!$A$7:$D$8000,4,0) -> 127.87 | I82: R$ | J82: =H82*F82 -> 176625.3
A83: 4.1.11 | B83: 100978 | C83: SINAPI | D83: CARGA, MANOBRA E DESCARGA DE SOLOS E MATERIAIS GRANULARES EM CAMINHÃO BASCULANTE 10 M³ - CARGA COM ESCAVADEIRA HIDRÁULICA (CAÇAMBA DE 1,20 M³ / 155 HP) E DESCARGA LIVRE (UNIDADE: M3). AF_07/2020 | E83: M3 | F83: =F82*0.66 -> 911.65008 | G83: R$ | H83: =VLOOKUP(B83,Planilha4!$A$7:$D$8000,4,0) -> 7.22 | I83: R$ | J83: =H83*F83 -> 6582.1136
A84: 4.1.12 | B84: 95875 | C84: SINAPI | D84: TRANSPORTE COM CAMINHÃO BASCULANTE DE 10 M³, EM VIA URBANA PAVIMENTADA, DMT ATÉ 30 KM (UNIDADE: M3XKM). AF_07/2020 | E84: M3XKM | F84: =F83*Planilha1!D7 -> 22937.116 | G84: R$ | H84: =VLOOKUP(B84,Planilha4!$A$7:$D$8000,4,0) -> 2.56 | I84: R$ | J84: =H84*F84 -> 58719.017
H85: Sub-total: | I85: R$ | J85: =SUM(J73:J84) -> 670504.11
A86: 4.2 | B86: EXECUÇÃO DE BASE E IMPRIMAÇÃO
A87: 4.2.1 | B87: 96396 | C87: SINAPI | D87: EXECUÇÃO E COMPACTAÇÃO DE BASE E OU SUB BASE PARA PAVIMENTAÇÃO DE BRITA GRADUADA SIMPLES – EXCLUSIVE CARGA E TRANSPORTE. AF_11/2019 – 15CM | E87: M3 | F87: =MDC!D13*0.15 -> 1035.966 | G87: R$ | H87: =VLOOKUP(B87,Planilha4!$A$7:$D$8000,4,0) -> 128.59 | I87: R$ | J87: =F87*H87 -> 133214.87
A88: 4.2.2 | B88: 100978 | C88: SINAPI | D88: CARGA, MANOBRA E DESCARGA DE SOLOS E MATERIAIS GRANULARES EM CAMINHÃO BASCULANTE 10 M³ - CARGA COM ESCAVADEIRA HIDRÁULICA (CAÇAMBA DE 1,20 M³ / 155 HP) E DESCARGA LIVRE (UNIDADE: M3). AF_07/2020 | E88: M3 | F88: =F87 -> 1035.966 | G88: R$ | H88: =VLOOKUP(B88,Planilha4!$A$7:$D$8000,4,0) -> 7.22 | I88: R$ | J88: =F88*H88 -> 7479.6745
A89: 4.2.3 | B89: 95875 | C89: SINAPI | D89: TRANSPORTE COM CAMINHÃO BASCULANTE DE 10 M³, EM VIA URBANA PAVIMENTADA, DMT ATÉ 30 KM (UNIDADE: M3XKM). AF_07/2020 | E89: M3XKM | F89: =F88*Planilha1!D7 -> 26064.905 | G89: R$ | H89: =VLOOKUP(B89,Planilha4!$A$7:$D$8000,4,0) -> 2.56 | I89: R$ | J89: =F89*H89 -> 66726.156
A90: 4.2.4 | B90: 54.03.240 | C90: CDHU | D90: Imprimação betuminosa impermeabilizante | E90: M2 | F90: =MDC!D13 -> 6906.44 | G90: R$ | H90: 15.59 | I90: R$ | J90: =F90*H90 -> 107671.4
A91: 4.2.5 | B91: 54.03.230 | C91: CDHU | D91: Imprimação betuminosa ligante | E91: M2 | F91: =F90*2 -> 13812.88 | G91: R$ | H91: 6.02 | I91: R$ | J91: =F91*H91 -> 83153.538
H92: Sub-total: | I92: R$ | J92: =SUM(J87:J91) -> 398245.64
A93: 4.3 | B93: PAVIMENTAÇÃO ASFÁLTICA
A94: 4.3.1 | B94: 95996 | C94: SINAPI | D94: EXECUÇÃO DE PAVIMENTO COM APLICAÇÃO DE CONCRETO ASFÁLTICO, CAMADA DE BINDER - EXCLUSIVE CARGA E TRANSPORTE. AF_11/2019 – 4CM | E94: M3 | F94: =(MDC!D13)*0.04 -> 276.2576 | G94: R$ | H94: =VLOOKUP(B94,Planilha4!$A$7:$D$8000,4,0) -> 1245.65 | I94: R$ | J94: =F94*H94 -> 344120.28
A95: 4.3.2 | B95: 100986 | C95: SINAPI | D95: CARGA DE MISTURA ASFÁLTICA EM CAMINHÃO BASCULANTE 10 M³ (UNIDADE: M3). AF_07/2020 | E95: M3 | F95: =F94 -> 276.2576 | G95: R$ | H95: =VLOOKUP(B95,Planilha4!$A$7:$D$8000,4,0) -> 9.39 | I95: R$ | J95: =F95*H95 -> 2594.0589
A96: 4.3.3 | B96: 95875 | C96: SINAPI | D96: TRANSPORTE COM CAMINHÃO BASCULANTE DE 10 M³, EM VIA URBANA PAVIMENTADA, DMT ATÉ 30 KM (UNIDADE: M3XKM). AF_07/2020 | E96: M3XKM | F96: =F95*Planilha1!D7 -> 6950.6412 | G96: R$ | H96: =VLOOKUP(B96,Planilha4!$A$7:$D$8000,4,0) -> 2.56 | I96: R$ | J96: =F96*H96 -> 17793.642
A97: 4.3.4 | B97: 95995 | C97: SINAPI | D97: EXECUÇÃO DE PAVIMENTO COM APLICAÇÃO DE CONCRETO ASFÁLTICO, CAMADA DE ROLAMENTO - EXCLUSIVE CARGA E TRANSPORTE. AF_11/2019 – 4CM | E97: M3 | F97: =(MDC!D13)*0.04 -> 276.2576 | G97: R$ | H97: =VLOOKUP(B97,Planilha4!$A$7:$D$8000,4,0) -> 1444.78 | I97: R$ | J97: =F97*H97 -> 399131.46
A98: 4.3.5 | B98: 100986 | C98: SINAPI | D98: CARGA DE MISTURA ASFÁLTICA EM CAMINHÃO BASCULANTE 10 M³ (UNIDADE: M3). AF_07/2020 | E98: M3 | F98: =F97 -> 276.2576 | G98: R$ | H98: =VLOOKUP(B98,Planilha4!$A$7:$D$8000,4,0) -> 9.39 | I98: R$ | J98: =F98*H98 -> 2594.0589
A99: 4.3.6 | B99: 95875 | C99: SINAPI | D99: TRANSPORTE COM CAMINHÃO BASCULANTE DE 10 M³, EM VIA URBANA PAVIMENTADA, DMT ATÉ 30 KM (UNIDADE: M3XKM). AF_07/2020 | E99: M3XKM | F99: =F98*Planilha1!D7 -> 6950.6412 | G99: R$ | H99: =VLOOKUP(B99,Planilha4!$A$7:$D$8000,4,0) -> 2.56 | I99: R$ | J99: =F99*H99 -> 17793.642
H100: Sub-total: | I100: R$ | J100: =SUM(J94:J99) -> 784027.14
A101: 5 | B101: RECAPEAMENTO ASFÁLTICO – RUA MARIA RAPHAELA PAGLIUCCA E RUA ANTÔNIO FRUET
A102: 5.1 | B102: TERRAPLANAGEM
A103: 5.1.1 | B103: 98525 | C103: SINAPI | D103: LIMPEZA MECANIZADA DE CAMADA VEGETAL, VEGETAÇÃO E PEQUENAS ÁRVORES (DIÂMETRO DE TRONCO MENOR QUE 0,20 M), COM TRATOR DE ESTEIRAS.AF_05/2018 | E103: M2 | F103: =MDC!E14*0.9 -> 512.658 | G103: R$ | H103: =VLOOKUP(B103,Planilha4!$A$7:$D$8000,4,0) -> 0.69 | I103: R$ | J103: =H103*F103 -> 353.73402
...

Sheet Cronograma
A1: SECRETARIA DE SERVIÇOS PÚBLICOS E OBRAS
A2: Divisão de Gerenciamento Viário
A3: PAVIMENTAÇÃO E RECAPEAMENTO ASFÁLTICO
A4: Local: Rua Dr. Fausto Pereira Telles Filho, rua Celso Benedito de Madureira Moreira, rua Bernardo Mascarenhas Martins, rua Nelson Pires de Campos, rua José Maria do Amaral, rua Rosa Molineiro Ventrella, rua José Ortega Lopes, rua Diogo Soler e rua Antônio Cândido de Oliveira - Bairro chácara 3 Marias; Rua Maria Raphaela Pagliucca e rua Antônio Fruet – Bairro Jardim Nilton Torres
A5: CRONOGRAMA FÍSICO-FINANCEIRO
A6: PRAZO DE EXECUÇÃO: 3 meses
A7: ITEM | B7: DESCRIMINAÇÃO DOS SERVIÇOS | C7: CUSTO TOTAL COM BDI | D7: 1º MÊS | E7: 2º MÊS | F7: 3º MÊS
A9: 1 | B9: ='Planilha Orçamentária'!B11 -> SERVIÇOS PRELIMINARES | C9: =('Planilha Orçamentária'!J13)*1.2332 -> 5222.2074 | D9: =C9 -> 5222.2074 | E9: 0 | F9: 0
D10: 1 | E10: 0 | F10: 0
A11: 2.1 | B11: PAVIMENTAÇÃO ASFÁLTICA - RUA CELSO BENEDITO DE MADUREIRA MOREIRA, RUA JOSÉ MARIA DO AMARAL, RUA JOSÉ ORTEGA LOPES E RUA ROSA M. VENTRELLA – TERRAPLENAGEM | C11: =('Planilha Orçamentária'!J25)*1.2332 -> 496898.17 | D11: =C11*D12 -> 298138.9 | E11: =C11*E12 -> 198759.27 | F11: =C11*F12 -> 0
D12: 0.6 | E12: 0.4 | F12: 0
A13: 2.2 | B13: PAVIMENTAÇÃO ASFÁLTICA - RUA CELSO BENEDITO DE MADUREIRA MOREIRA, RUA JOSÉ MARIA DO AMARAL, RUA JOSÉ ORTEGA LOPES E RUA ROSA M. VENTRELLA – EXECUÇÃO DE BASE E IMPRIMAÇÃO | C13: =('Planilha Orçamentária'!J32)*1.2332 -> 402517.09 | D13: =C13*D14 -> 0 | E13: =C13*E14 -> 161006.84 | F13: =C13*F14 -> 241510.25
D14: 0 | E14: 0.4 | F14: 0.6
A15: 2.3 | B15: PAVIMENTAÇÃO ASFÁLTICA - RUA CELSO BENEDITO DE MADUREIRA MOREIRA, RUA JOSÉ MARIA DO AMARAL, RUA JOSÉ ORTEGA LOPES E RUA ROSA M. VENTRELLA – PAVIMENTAÇÃO ASFÁLTICA | C15: =('Planilha Orçamentária'!J40)*1.2332 -> 792436.36 | D15: =$C$15*D16 -> 0 | E15: =$C$15*E16 -> 237730.91 | F15: =$C$15*F16 -> 554705.45
D16: 0 | E16: 0.3 | F16: 0.7
A17: 3.1 | B17: PAVIMENTAÇÃO ASFÁLTICA - RUA BERNARDO MASCARENHAS MARTINS, RUA NELSON PIRES DE CAMPOS, RUA DIOGO SOLER SOLER E RUA ANTÔNIO C. OLIVEIRA – TERRAPLANAGEM | C17: =('Planilha Orçamentária'!J55)*1.2332 -> 525396.55 | D17: =$C$17*D18 -> 315237.93 | E17: =$C$17*E18 -> 210158.62 | F17: =$C$17*F18 -> 0
D18: 0.6 | E18: 0.4 | F18: 0
A19: 3.2 | B19: PAVIMENTAÇÃO ASFÁLTICA - RUA BERNARDO MASCARENHAS MARTINS, RUA NELSON PIRES DE CAMPOS, RUA DIOGO SOLER SOLER E RUA ANTÔNIO C. OLIVEIRA – EXECUÇÃO DE BASE E IMPRIMAÇÃO | C19: =('Planilha Orçamentária'!J62)*1.2332 -> 408793.25 | D19: =$C$19*D20 -> 0 | E19: =$C$19*E20 -> 163517.3 | F19: =$C$19*F20 -> 245275.95
D20: 0 | E20: 0.4 | F20: 0.6
A21: 3.3 | B21: PAVIMENTAÇÃO ASFÁLTICA - RUA BERNARDO MASCARENHAS MARTINS, RUA NELSON PIRES DE CAMPOS, RUA DIOGO SOLER SOLER E RUA ANTÔNIO C. OLIVEIRA – PAVIMENTAÇÃO ASFÁLTICA | C21: =('Planilha Orçamentária'!J70)*1.2332 -> 804792.26 | D21: =$C$21*D22 -> 0 | E21: =$C$21*E22 -> 241437.68 | F21: =$C$21*F22 -> 563354.58
D22: 0 | E22: 0.3 | F22: 0.7
A23: 4.1 | B23: PAVIMENTAÇÃO ASFÁLTICA – RUA DOUTOR FAUSTO TELLES FILHO – TERRAPLENAGEM | C23: =('Planilha Orçamentária'!J85)*1.2332 -> 826865.67 | D23: =$C$23*D24 -> 496119.4 | E23: =$C$23*E24 -> 330746.27 | F23: =$C$23*F24 -> 0
D24: 0.6 | E24: 0.4 | F24: 0
A25: 4.2 | B25: PAVIMENTAÇÃO ASFÁLTICA – RUA DOUTOR FAUSTO TELLES FILHO – EXECUÇÃO DE BASE E IMPRIMAÇÃO | C25: =('Planilha Orçamentária'!J92)*1.2332 -> 491116.52 | D25: =$C$25*D26 -> 0 | E25: =$C$25*E26 -> 196446.61 | F25: =$C$25*F26 -> 294669.91
D26: 0 | E26: 0.4 | F26: 0.6
A27: 4.3 | B27: PAVIMENTAÇÃO ASFÁLTICA – RUA DOUTOR FAUSTO TELLES FILHO – PAVIMENTAÇÃO ASFÁLTICA | C27: =('Planilha Orçamentária'!J100)*1.2332 -> 966862.26 | D27: =$C$27*D28 -> 0 | E27: =$C$27*E28 -> 290058.68 | F27: =$C$27*F28 -> 676803.58
D28: 0 | E28: 0.3 | F28: 0.7
A29: 5.1 | B29: RECAPEAMENTO ASFÁLTICO – RUA MARIA RAPHAELA PAGLIUCCA E RUA ANTÔNIO FRUET – TERRAPLENAGEM | C29: =('Planilha Orçamentária'!J115)*1.2332 -> 262661.89 | D29: =$C$29*D30 -> 157597.13 | E29: =$C$29*E30 -> 105064.76 | F29: =$C$29*F30 -> 0
D30: 0.6 | E30: 0.4 | F30: 0
A31: 5.2 | B31: RECAPEAMENTO ASFÁLTICO – RUA MARIA RAPHAELA PAGLIUCCA E RUA ANTÔNIO FRUET – PAVIMENTAÇÃO ASFÁLTICA | C31: =('Planilha Orçamentária'!J128)*1.2332 -> 527113.19 | D31: =$C$31*D32 -> 0 | E31: =$C$31*E32 -> 158133.96 | F31: =$C$31*F32 -> 368979.23
D32: 0 | E32: 0.3 | F32: 0.7
A33: 5.3 | B33: RECAPEAMENTO ASFÁLTICO – RUA MARIA RAPHAELA PAGLIUCCA E RUA ANTÔNIO FRUET – RECAPEAMENTO ASFÁLTICO | C33: =('Planilha Orçamentária'!J138)*1.2332 -> 237777.28 | D33: =$C$33*D34 -> 0 | E33: =$C$33*E34 -> 71333.183 | F33: =$C$33*F34 -> 166444.09
D34: 0 | E34: 0.3 | F34: 0.7
A35: 6 | B35: RECAPEAMENTO ASFÁLTICO – RUA MARIA RAPHAELA PAGLIUCCA E RUA ANTÔNIO FRUET – DRENAGEM (GUIAS, SARJETAS E SARJETÕES) | C35: =('Planilha Orçamentária'!J143)*1.2332 -> 439441.45 | D35: =$C$35*D36 -> 263664.87 | E35: =$C$35*E36 -> 175776.58 | F35: =$C$35*F36 -> 0
D36: 0.6 | E36: 0.4 | F36: 0
A37: 7.1 | B37: SERVIÇOS DE DRENAGEM DE ÁGUAS PLUVIAIS - MOVIMENTAÇÃO DE TERRA E TUBULAÇÃO | C37: =('Planilha Orçamentária'!J153)*1.2332 -> 668596.64 | D37: =$C$37*D38 -> 401157.98 | E37: =$C$37*E38 -> 267438.66 | F37: =$C$37*F38 -> 0
D38: 0.6 | E38: 0.4 | F38: 0
A39: 7.2 | B39: SERVIÇOS DE DRENAGEM DE ÁGUAS PLUVIAIS - CAIXAS, POÇOS DE VISITA E MURO DE ALA | C39: =('Planilha Orçamentária'!J165)*1.2332 -> 349210.58 | D39: =$C$39*D40 -> 209526.35 | E39: =$C$39*E40 -> 139684.23 | F39: =$C$39*F40 -> 0
D40: 0.6 | E40: 0.4 | F40: 0
A41: 8 | B41: PASSEIO PUBLICO (CALÇADA) | C41: =('Planilha Orçamentária'!J171)*1.2332 -> 453205.54 | D41: =$C$41*D42 -> 135961.66 | E41: =$C$41*E42 -> 135961.66 | F41: =$C$41*F42 -> 181282.22
D42: 0.3 | E42: 0.3 | F42: 0.4
A43: TOTAL DA MENSAL | C43: =C9+C11+C13+C15+C17+C19+C21+C23+C25+C27+C29+C31+C33+C35+C37+C39+C41 -> 8658906.9 | D43: =D9+D11+D13+D15+D17+D19+D21+D23+D25+D27+D29+D31+D33+D35+D37+D39+D41 -> 2282626.4 | E43: =E9+E11+E13+E15+E17+E19+E21+E23+E25+E27+E29+E31+E33+E35+E37+E39+E41 -> 3083255.2 | F43: =F9+F11+F13+F15+F17+F19+F21+F23+F25+F27+F29+F31+F33+F35+F37+F39+F41 -> 3293025.3
A44: TOTAL ACUMULADO | D44: =D43 -> 2282626.4 | E44: =D44+E43 -> 5365881.6 | F44: =E44+F43 -> 8658906.9
A46: Sorocaba, 05 de novembro de 2024
A49: Leandro de Oliveira Stoyan | D49: Darwin José de Almeida Rosa
A50: Engenheiro Civil | D50: Secretário de serviços públicos e obras
A51: CREA: 5069705763-SP

Sheet Memorial de Cálculo
A1: SECRETARIA DE SERVIÇOS PÚBLICOS E OBRAS
A2: Divisão de Gerenciamento Viário
A3: MEMÓRIA DE CÁLCULO
A4: OBRA: Pavimentação Asfáltica
A5: Local: Rua Dr. Fausto Pereira Telles Filho, rua Celso Benedito de Madureira Moreira, rua Bernardo Mascarenhas Martins, rua Nelson Pires de Campos, rua José Maria do Amaral, rua Rosa Molineiro Ventrella, rua José Ortega Lopes, rua Diogo Soler e rua Antônio Cândido de Oliveira - Bairro chácara 3 Marias; Rua Maria Raphaela Pagliucca e rua Antônio Fruet – Bairro Jardim Nilton Torres
A7: ITEM | B7: CÓD. SERVIÇO | D7: DESCRIÇÃO DO SERVIÇO
A8: 1.1 | B8: ='Planilha Orçamentária'!B12 -> 103689 | D8: ='Planilha Orçamentária'!D12 -> FORNECIMENTO E INSTALAÇÃO DE PLACA DE OBRA COM CHAPA GALVANIZADA E ESTRUTURA DE MADEIRA. AF_03/2022_PS
A10: CÁLCULO
A12: Área da placa = 9,00 m2 | F12: Quantidade total (Q) = 9,00 x 1,00
A13: Quantidade de placas = 1,00 unidade
F14: Q = | G14: ='Planilha Orçamentária'!F12 -> 9 | H14: ='Planilha Orçamentária'!E12 -> M2
A18: ITEM | B18: CÓD. SERVIÇO | D18: DESCRIÇÃO DO SERVIÇO
A19: ='Planilha Orçamentária'!A16 -> 2.1.1 | B19: ='Planilha Orçamentária'!B16 -> 98525 | D19: ='Planilha Orçamentária'!D16 -> LIMPEZA MECANIZADA DE CAMADA VEGETAL, VEGETAÇÃO E PEQUENAS ÁRVORES (DIÂMETRO DE TRONCO MENOR QUE 0,20 M), COM TRATOR DE ESTEIRAS.AF_05/2018
A21: CÁLCULO
A23: Comprimento = 867,59 m | F23: Quantidade total (Q) = 867,59 x 2,50
A24: Largura = 2,50 m
F25: Q = | G25: ='Planilha Orçamentária'!F16 -> 2168.975 | H25: ='Planilha Orçamentária'!E16 -> M2
A29: ITEM | B29: CÓD. SERVIÇO | D29: DESCRIÇÃO DO SERVIÇO
A30: ='Planilha Orçamentária'!A17 -> 2.1.2 | B30: ='Planilha Orçamentária'!B17 -> 100978 | D30: ='Planilha Orçamentária'!D17 -> CARGA, MANOBRA E DESCARGA DE SOLOS E MATERIAIS GRANULARES EM CAMINHÃO BASCULANTE 10 M³ - CARGA COM ESCAVADEIRA HIDRÁULICA (CAÇAMBA DE 1,20 M³ / 155 HP) E DESCARGA LIVRE (UNIDADE: M3). AF_07/2020
A32: CÁLCULO
A34: Área =2168,98 m2 | F34: Quantidade total (Q) = 2168,98 x 0,10 x 1,30
A35: Espessura = 0,10 m
A36: Fator = 1,30 | F36: Q = | G36: ='Planilha Orçamentária'!F17 -> 281.96675 | H36: ='Planilha Orçamentária'!E17 -> M3
A40: ITEM | B40: CÓD. SERVIÇO | D40: DESCRIÇÃO DO SERVIÇO
A41: ='Planilha Orçamentária'!A18 -> 2.1.3 | B41: ='Planilha Orçamentária'!B18 -> 95875 | D41: ='Planilha Orçamentária'!D18 -> TRANSPORTE COM CAMINHÃO BASCULANTE DE 10 M³, EM VIA URBANA PAVIMENTADA, DMT ATÉ 30 KM (UNIDADE: M3XKM). AF_07/2020
A43: CÁLCULO
A45: Volume = 281,97 m3 | F45: Quantidade total (Q) = 281,97 x 15,90
A46: Distância = 15,90 km
F47: Q = | G47: ='Planilha Orçamentária'!F18 -> 4483.2713 | H47: ='Planilha Orçamentária'!E18 -> M3XKM
A51: ITEM | B51: CÓD. SERVIÇO | D51: DESCRIÇÃO DO SERVIÇO
A52: ='Planilha Orçamentária'!A19 -> 2.1.4 | B52: ='Planilha Orçamentária'!B19 -> 101141 | D52: ='Planilha Orçamentária'!D19 -> ESCAVAÇÃO HORIZONTAL, INCLUINDO ESCARIFICAÇÃO, CARGA, DESCARGA E TRANSPORTE EM SOLO DE 2A CATEGORIA COM TRATOR DE ESTEIRAS (170HP/LÂMINA: 5,20M3) E CAMINHÃO BASCULANTE DE 10M3, DMT ATÉ 200M. AF_07/2020
A54: CÁLCULO
A56: Área = 5660,49 m2 | F56: Quantidade total (Q) = 5660,49 x 0,45
A57: Espessura = 0,45 m
F58: Q = | G58: ='Planilha Orçamentária'!F19 -> 2547.2205 | H58: ='Planilha Orçamentária'!E19 -> M3
A62: ITEM | B62: CÓD. SERVIÇO | D62: DESCRIÇÃO DO SERVIÇO
A63: ='Planilha Orçamentária'!A20 -> 2.1.5 | B63: ='Planilha Orçamentária'!B20 -> 95875 | D63: ='Planilha Orçamentária'!D20 -> TRANSPORTE COM CAMINHÃO BASCULANTE DE 10 M³, EM VIA URBANA PAVIMENTADA, DMT ATÉ 30 KM (UNIDADE: M3XKM). AF_07/2020
A65: CÁLCULO
A67: Volume = 2547,22 m3 | F67: Quantidade total (Q) = 2547,22 x 15,90 x 1,30
A68: Distância = 15,90 km
A69: Fator = 1,30 | F69: Q = | G69: ='Planilha Orçamentária'!F20 -> 52651.048 | H69: ='Planilha Orçamentária'!E20 -> M3XKM
A72: ITEM | B72: CÓD. SERVIÇO | D72: DESCRIÇÃO DO SERVIÇO
A73: ='Planilha Orçamentária'!A21 -> 2.1.6 | B73: ='Planilha Orçamentária'!B21 -> 100576 | D73: ='Planilha Orçamentária'!D21 -> REGULARIZAÇÃO E COMPACTAÇÃO DE SUBLEITO DE SOLO PREDOMINANTEMENTE ARGILOSO. AF_11/2019
A75: CÁLCULO
A77: Área de Regularização = 5660,49 m2 | F77: Quantidade total (Q) = 5660,49
F79: Q = | G79: ='Planilha Orçamentária'!F21 -> 5660.49 | H79: ='Planilha Orçamentária'!E21 -> M2
A82: ITEM | B82: CÓD. SERVIÇO | D82: DESCRIÇÃO DO SERVIÇO
A83: ='Planilha Orçamentária'!A22 -> 2.1.7 | B83: ='Planilha Orçamentária'!B22 -> 100569 | D83: ='Planilha Orçamentária'!D22 -> EXECUÇÃO E COMPACTAÇÃO DE BASE E OU SUB-BASE PARA PAVIMENTAÇÃO DE SOLO (PREDOMINANTEMENTE ARENOSO) COM CIMENTO (TEOR DE 4%) - EXCLUSIVE SOLO, ESCAVAÇÃO, CARGA E TRANSPORTE. AF_11/2019 – 20CM
A85: CÁLCULO
A87: Área = 5660,49 m2 | F87: Quantidade total (Q) = 5660,49 x 0,20
A88: Espessura = 0,20
F89: Q = | G89: ='Planilha Orçamentária'!F22 -> 1132.098 | H89: ='Planilha Orçamentária'!E22 -> M3
A92: ITEM | B92: CÓD. SERVIÇO | D92: DESCRIÇÃO DO SERVIÇO
A93: ='Planilha Orçamentária'!A23 -> 2.1.8 | B93: ='Planilha Orçamentária'!B23 -> 100978 | D93: ='Planilha Orçamentária'!D23 -> CARGA, MANOBRA E DESCARGA DE SOLOS E MATERIAIS GRANULARES EM CAMINHÃO BASCULANTE 10 M³ - CARGA COM ESCAVADEIRA HIDRÁULICA (CAÇAMBA DE 1,20 M³ / 155 HP) E DESCARGA LIVRE (UNIDADE: M3). AF_07/2020
A95: CÁLCULO
A97: Volume = 1132,10 m3 | F97: Quantidade total (Q) = 1132,10 x 0,66
A98: Fator = 0,66
F99: Q = | G99: ='Planilha Orçamentária'!F23 -> 747.18468 | H99: ='Planilha Orçamentária'!E23 -> M3
A102: ITEM | B102: CÓD. SERVIÇO | D102: DESCRIÇÃO DO SERVIÇO
A103: ='Planilha Orçamentária'!A24 -> 2.1.9 | B103: ='Planilha Orçamentária'!B24 -> 95875 | D103: ='Planilha Orçamentária'!D24 -> TRANSPORTE COM CAMINHÃO BASCULANTE DE 10 M³, EM VIA URBANA PAVIMENTADA, DMT ATÉ 30 KM (UNIDADE: M3XKM). AF_07/2020
A105: CÁLCULO
A107: Volume = 747,18 | F107: Quantidade total (Q) = 747,18 x 25,16
A108: Distância = 25,16 km
F109: Q = | G109: ='Planilha Orçamentária'!F24 -> 18799.167 | H109: ='Planilha Orçamentária'!E24 -> M3XKM
A112: ITEM | B112: CÓD. SERVIÇO | D112: DESCRIÇÃO DO SERVIÇO
A113: ='Planilha Orçamentária'!A27 -> 2.2.1 | B113: ='Planilha Orçamentária'!B27 -> 96396 | D113: ='Planilha Orçamentária'!D27 -> EXECUÇÃO E COMPACTAÇÃO DE BASE E OU SUB BASE PARA PAVIMENTAÇÃO DE BRITA GRADUADA SIMPLES – EXCLUSIVE CARGA E TRANSPORTE. AF_11/2019 – 15CM
A115: CÁLCULO
A117: Área = 5660,46 m2 | F117: Quantidade total (Q) = 5660,49 x 0,15
A118: Espessura = 0,15 m
F119: Q = | G119: ='Planilha Orçamentária'!F27 -> 849.0735 | H119: ='Planilha Orçamentária'!E27 -> M3
A122: ITEM | B122: CÓD. SERVIÇO | D122: DESCRIÇÃO DO SERVIÇO
A123: ='Planilha Orçamentária'!A28 -> 2.2.2 | B123: ='Planilha Orçamentária'!B28 -> 100978 | D123: ='Planilha Orçamentária'!D28 -> CARGA, MANOBRA E DESCARGA DE SOLOS E MATERIAIS GRANULARES EM CAMINHÃO BASCULANTE 10 M³ - CARGA COM ESCAVADEIRA HIDRÁULICA (CAÇAMBA DE 1,20 M³ / 155 HP) E DESCARGA LIVRE (UNIDADE: M3). AF_07/2020
A125: CÁLCULO
A127: Área = 5660,46 m2 | F127: Quantidade total (Q) = 5660,49 x 0,15
A128: Espessura = 0,15 m
F129: Q = | G129: ='Planilha Orçamentária'!F28 -> 849.0735 | H129: ='Planilha Orçamentária'!E28 -> M3
A132: ITEM | B132: CÓD. SERVIÇO | D132: DESCRIÇÃO DO SERVIÇO
A133: ='Planilha Orçamentária'!A29 -> 2.2.3 | B133: ='Planilha Orçamentária'!B29 -> 95875 | D133: ='Planilha Orçamentária'!D29 -> TRANSPORTE COM CAMINHÃO BASCULANTE DE 10 M³, EM VIA URBANA PAVIMENTADA, DMT ATÉ 30 KM (UNIDADE: M3XKM). AF_07/2020
A135: CÁLCULO
A137: Área = 5660,46 m2 | F137: Quantidade total (Q) = 5660,46 x 0,15 x 25,16
A138: Espessura = 0,15 m
A139: Distância = 25,16 km | F139: Q = | G139: ='Planilha Orçamentária'!F29 -> 21362.689 | H139: ='Planilha Orçamentária'!E29 -> M3XKM
A142: ITEM | B142: CÓD. SERVIÇO | D142: DESCRIÇÃO DO SERVIÇO
A143: ='Planilha Orçamentária'!A30 -> 2.2.4 | B143: ='Planilha Orçamentária'!B30 -> 54.03.240 | D143: ='Planilha Orçamentária'!D30 -> Imprimação betuminosa impermeabilizante
A145: CÁLCULO
A147: Área = 5660,49 m2 | F147: Quantidade total (Q) = 5660,49
F149: Q = | G149: ='Planilha Orçamentária'!F30 -> 5660.49 | H149: ='Planilha Orçamentária'!E30 -> M2
A152: ITEM | B152: CÓD. SERVIÇO | D152: DESCRIÇÃO DO SERVIÇO
A153: ='Planilha Orçamentária'!A31 -> 2.2.5 | B153: ='Planilha Orçamentária'!B31 -> 54.03.230 | D153: ='Planilha Orçamentária'!D31 -> Imprimação betuminosa ligante
A155: CÁLCULO
A157: Área = 5660,49 m2 | F157: Quantidade total (Q) = 5660,49 x 2
A158: Aplicação em duas camadas = 2
F159: Q = | G159: ='Planilha Orçamentária'!F31 -> 11320.98 | H159: ='Planilha Orçamentária'!E31 -> M2
A162: ITEM | B162: CÓD. SERVIÇO | D162: DESCRIÇÃO DO SERVIÇO
A163: ='Planilha Orçamentária'!A34 -> 2.3.1 | B163: ='Planilha Orçamentária'!B34 -> 95996 | D163: ='Planilha Orçamentária'!D34 -> EXECUÇÃO DE PAVIMENTO COM APLICAÇÃO DE CONCRETO ASFÁLTICO, CAMADA DE BINDER - EXCLUSIVE CARGA E TRANSPORTE. AF_11/2019 – 4CM
A165: CÁLCULO
A167: Área = 5660,49 m2 | F167: Quantidade total (Q) = 5660,49 x 0,04
A168: Espessura = 0,04 m
F169: Q = | G169: ='Planilha Orçamentária'!F34 -> 226.4196 | H169: ='Planilha Orçamentária'!E34 -> M3
A172: ITEM | B172: CÓD. SERVIÇO | D172: DESCRIÇÃO DO SERVIÇO
...

Sheet Planilha1
D3: 3 Marias | E3: Nilton
C4: Julio & Julio | D4: 24.5 | E4: 23.4
C5: Obragen | D5: 36.83 | E5: 33.4
C6: Ellenco | D6: 14.15 | E6: 10.1
C7: Média: | D7: =AVERAGE(D4:D6) -> 25.16 | E7: =AVERAGE(E4:E6) -> 22.3

Sheet Planilha4
A5: CODIGO DA COMPOSICAO | B5: DESCRICAO DA COMPOSICAO | C5: UNIDADE | D5: CUSTO TOTAL
A7: 97141 | B7: ASSENTAMENTO DE TUBO DE FERRO FUNDIDO PARA REDE DE ÁGUA, DN 80 MM, JUNTA ELÁSTICA, INSTALADO EM LOCAL COM NÍVEL ALTO DE INTERFERÊNCIAS (NÃO INCLUI FORNECIMENTO). AF_05/2024 | C7: M | D7: 5.34
A8: 97142 | B8: ASSENTAMENTO DE TUBO DE FERRO FUNDIDO PARA REDE DE ÁGUA, DN 100 MM, JUNTA ELÁSTICA, INSTALADO EM LOCAL COM NÍVEL ALTO DE INTERFERÊNCIAS (NÃO INCLUI FORNECIMENTO). AF_05/2024 | C8: M | D8: 6.21
A9: 97143 | B9: ASSENTAMENTO DE TUBO DE FERRO FUNDIDO PARA REDE DE ÁGUA, DN 150 MM, JUNTA ELÁSTICA, INSTALADO EM LOCAL COM NÍVEL ALTO DE INTERFERÊNCIAS (NÃO INCLUI FORNECIMENTO). AF_05/2024 | C9: M | D9: 8.33
A10: 97144 | B10: ASSENTAMENTO DE TUBO DE FERRO FUNDIDO PARA REDE DE ÁGUA, DN 200 MM, JUNTA ELÁSTICA, INSTALADO EM LOCAL COM NÍVEL ALTO DE INTERFERÊNCIAS (NÃO INCLUI FORNECIMENTO). AF_05/2024 | C10: M | D10: 10.43
A11: 97145 | B11: ASSENTAMENTO DE TUBO DE FERRO FUNDIDO PARA REDE DE ÁGUA, DN 250 MM, JUNTA ELÁSTICA, INSTALADO EM LOCAL COM NÍVEL ALTO DE INTERFERÊNCIAS (NÃO INCLUI FORNECIMENTO). AF_05/2024 | C11: M | D11: 12.57
A12: 97146 | B12: ASSENTAMENTO DE TUBO DE FERRO FUNDIDO PARA REDE DE ÁGUA, DN 300 MM, JUNTA ELÁSTICA, INSTALADO EM LOCAL COM NÍVEL ALTO DE INTERFERÊNCIAS (NÃO INCLUI FORNECIMENTO). AF_05/2024 | C12: M | D12: 14.72
A13: 97147 | B13: ASSENTAMENTO DE TUBO DE FERRO FUNDIDO PARA REDE DE ÁGUA, DN 350 MM, JUNTA ELÁSTICA, INSTALADO EM LOCAL COM NÍVEL ALTO DE INTERFERÊNCIAS (NÃO INCLUI FORNECIMENTO). AF_05/2024 | C13: M | D13: 16.86
A14: 97148 | B14: ASSENTAMENTO DE TUBO DE FERRO FUNDIDO PARA REDE DE ÁGUA, DN 400 MM, JUNTA ELÁSTICA, INSTALADO EM LOCAL COM NÍVEL ALTO DE INTERFERÊNCIAS (NÃO INCLUI FORNECIMENTO). AF_05/2024 | C14: M | D14: 18.99
A15: 97149 | B15: ASSENTAMENTO DE TUBO DE FERRO FUNDIDO PARA REDE DE ÁGUA, DN 450 MM, JUNTA ELÁSTICA, INSTALADO EM LOCAL COM NÍVEL ALTO DE INTERFERÊNCIAS (NÃO INCLUI FORNECIMENTO). AF_05/2024 | C15: M | D15: 21.14
A16: 97150 | B16: ASSENTAMENTO DE TUBO DE FERRO FUNDIDO PARA REDE DE ÁGUA, DN 500 MM, JUNTA ELÁSTICA, INSTALADO EM LOCAL COM NÍVEL ALTO DE INTERFERÊNCIAS (NÃO INCLUI FORNECIMENTO). AF_05/2024 | C16: M | D16: 26.61
A17: 97151 | B17: ASSENTAMENTO DE TUBO DE FERRO FUNDIDO PARA REDE DE ÁGUA, DN 600 MM, JUNTA ELÁSTICA, INSTALADO EM LOCAL COM NÍVEL ALTO DE INTERFERÊNCIAS (NÃO INCLUI FORNECIMENTO). AF_05/2024 | C17: M | D17: 31.42
A18: 97152 | B18: ASSENTAMENTO DE TUBO DE FERRO FUNDIDO PARA REDE DE ÁGUA, DN 700 MM, JUNTA ELÁSTICA, INSTALADO EM LOCAL COM NÍVEL ALTO DE INTERFERÊNCIAS (NÃO INCLUI FORNECIMENTO). AF_05/2024 | C18: M | D18: 36
... A7749: 101460 | B7749: VIGIA DIURNO COM ENCARGOS COMPLEMENTARES | C7749: MES | D7749: 5602.92

Sheet MDC
A1: Chácara 3 Marias e Jd. Nilton Torres
A3: Pavimentação | G3: Calçada | I3: Vias | K3: Podotátil
A4: Rua | D4: Área (m²) | E4: Metro (m) | G4: Área(m²) | I4: Metros | K4: Quantidade | L4: Metros
A5: RUA CELSO BENEDITO DE MADUREIRA MOREIRA | D5: 2830.12 | E5: =21*20+13.79 -> 433.79 | G5: =261.44+656.04+856.01+302.78+249.36+170.43+205.45+294.67+410.52+210.88+240.8+722.47+217.44+334.43 -> 5132.72 | I5: =E15 -> 3293.13 | K5: 36 | L5: =K5*5.14 -> 185.04
A6: RUA BERNARDO MASCARENHAS MARTINS | D6: 2283.99 | E6: =17*20+10.49 -> 350.49
A7: RUA NELSON PIRES DE CAMPOS | D7: 925.73 | E7: =7*20+2.61 -> 142.61
A8: RUA JOSÉ MARIA DO AMARAL | D8: 1275.76 | E8: =9*20+15.23 -> 195.23
A9: RUA JOSÉ ORTEGA LOPES | D9: 1053.09 | E9: =8*20+1.39 -> 161.39
A10: RUA ROSA M. VENTRELLA | D10: 501.52 | E10: =3*20+17.18 -> 77.18
A11: RUA DIOGO SOLER SOLER | D11: 1643.62 | E11: =12*20+2.81 -> 242.81 | F11: 100m de Pavimento para retirar
A12: RUA ANTÔNIO C. OLIVEIRA | D12: 895.41 | E12: =6*20+17.55 -> 137.55
A13: RUA DR. FAUSTO TELLES FILHO | D13: 6906.44 | E13: =49*20+2.46 -> 982.46 | F13: Obs: demolição e remoção pavimento
A14: RUA MARIA RAPHAEL PAGLIUCCA E RUA ANTÔNIO FRUET | D14: =2521.74+2442.48 -> 4964.22 | E14: =28*20+9.62 -> 569.62
A15: TOTAL: | D15: =SUM(D5:D14) -> 23279.9 | E15: =SUM(E5:E14) -> 3293.13 | K15: Distância GM 3 Nilton Torres
K16: 9.4
A17: Drenagem | G17: Sarjetão | I17: Guia e sarjeta | K17: Distância GM 3 Marias
A18: Tubo / Material | D18: Comprimento (m) / Quantidade | G18: Comprimento (m) | I18: Comprimento (m) | K18: 15.9
A19: BLD | D19: 51 | G19: =6.5 -> 6.5 | I19: =(((21*20)+13.79)+((17*20)+10.49)+((7*20)+2.61)+((9*20)+15.23)+((8*20)+1.39)+((3*20)+17.18)+((12*20)+2.81)+((6*20)+17.55)+((49*20)+2.46))*2+((8*7.4)+7.9) -> 5514.12
A20: PV | D20: 28
A21: Tubo 40 | D21: =284.06+14.35 -> 298.41
A22: Tubo 50 | D22: 450
A23: Tubo 60 | D23: =819.49-5.4-141.71 -> 672.38
A24: Tubo 80 | D24: 179.4
A25: Muro de ala | D25: 8

Sheet Planilha7
A1: ='Planilha Orçamentária'!$D$9 -> Serviço | B1: ='Planilha Orçamentária'!$E$9 -> Un. | C1: ='Planilha Orçamentária'!$F$9 -> Quant. | D1: ='Planilha Orçamentária'!$G$9 -> Custo (R$) | F1: ='Planilha Orçamentária'!$I$9 -> Total (R$)
A2: ='Planilha Orçamentária'!B11 -> SERVIÇOS PRELIMINARES
A3: ='Planilha Orçamentária'!$D$12 -> FORNECIMENTO E INSTALAÇÃO DE PLACA DE OBRA COM CHAPA GALVANIZADA E ESTRUTURA DE MADEIRA. AF_03/2022_PS | B3: ='Planilha Orçamentária'!$E$12 -> M2 | C3: ='Planilha Orçamentária'!$F$12 -> 9 | D3: ='Planilha Orçamentária'!$G$12 -> R$ | E3: ='Planilha Orçamentária'!$H$12 -> 470.52 | F3: ='Planilha Orçamentária'!$I$12 -> R$ | G3: ='Planilha Orçamentária'!$J$12 -> 4234.68
E4: ='Planilha Orçamentária'!$H$13 -> Sub-total: | F4: ='Planilha Orçamentária'!$I$13 -> R$ | G4: ='Planilha Orçamentária'!$J$13 -> 4234.68
A5: ='Planilha Orçamentária'!B14 -> PAVIMENTAÇÃO ASFÁLTICA - RUA CELSO BENEDITO DE MADUREIRA MOREIRA, RUA JOSÉ MARIA DO AMARAL, RUA JOSÉ ORTEGA LOPES E RUA ROSA M. VENTRELLA
A6: ='Planilha Orçamentária'!B15 -> TERRAPLANAGEM
A7: ='Planilha Orçamentária'!$D$16 -> LIMPEZA MECANIZADA DE CAMADA VEGETAL, VEGETAÇÃO E PEQUENAS ÁRVORES (DIÂMETRO DE TRONCO MENOR QUE 0,20 M), COM TRATOR DE ESTEIRAS.AF_05/2018 | B7: ='Planilha Orçamentária'!$E$16 -> M2 | C7: ='Planilha Orçamentária'!$F$16 -> 2168.975 | D7: ='Planilha Orçamentária'!$G$16 -> R$ | E7: ='Planilha Orçamentária'!$H$16 -> 0.69 | F7: ='Planilha Orçamentária'!$I$16 -> R$ | G7: ='Planilha Orçamentária'!$J$16 -> 1496.5928
A8: ='Planilha Orçamentária'!$D$17 -> CARGA, MANOBRA E DESCARGA DE SOLOS E MATERIAIS GRANULARES EM CAMINHÃO BASCULANTE 10 M³ - CARGA COM ESCAVADEIRA HIDRÁULICA (CAÇAMBA DE 1,20 M³ / 155 HP) E DESCARGA LIVRE (UNIDADE: M3). AF_07/2020 | B8: ='Planilha Orçamentária'!$E$17 -> M3 | C8: ='Planilha Orçamentária'!$F$17 -> 281.96675 | D8: ='Planilha Orçamentária'!$G$17 -> R$ | E8: ='Planilha Orçamentária'!$H$17 -> 7.22 | F8: ='Planilha Orçamentária'!$I$17 -> R$ | G8: ='Planilha Orçamentária'!$J$17 -> 2035.7999
A9: ='Planilha Orçamentária'!$D$18 -> TRANSPORTE COM CAMINHÃO BASCULANTE DE 10 M³, EM VIA URBANA PAVIMENTADA, DMT ATÉ 30 KM (UNIDADE: M3XKM). AF_07/2020 | B9: ='Planilha Orçamentária'!$E$18 -> M3XKM | C9: ='Planilha Orçamentária'!$F$18 -> 4483.2713 | D9: ='Planilha Orçamentária'!$G$18 -> R$ | E9: ='Planilha Orçamentária'!$H$18 -> 2.56 | F9: ='Planilha Orçamentária'!$I$18 -> R$ | G9: ='Planilha Orçamentária'!$J$18 -> 11477.175
A10: ='Planilha Orçamentária'!$D$19 -> ESCAVAÇÃO HORIZONTAL, INCLUINDO ESCARIFICAÇÃO, CARGA, DESCARGA E TRANSPORTE EM SOLO DE 2A CATEGORIA COM TRATOR DE ESTEIRAS (170HP/LÂMINA: 5,20M3) E CAMINHÃO BASCULANTE DE 10M3, DMT ATÉ 200M. AF_07/2020 | B10: ='Planilha Orçamentária'!$E$19 -> M3 | C10: ='Planilha Orçamentária'!$F$19 -> 2547.2205 | D10: ='Planilha Orçamentária'!$G$19 -> R$ | E10: ='Planilha Orçamentária'!$H$19 -> 16.78 | F10: ='Planilha Orçamentária'!$I$19 -> R$ | G10: ='Planilha Orçamentária'!$J$19 -> 42742.36
A11: ='Planilha Orçamentária'!$D$20 -> TRANSPORTE COM CAMINHÃO BASCULANTE DE 10 M³, EM VIA URBANA PAVIMENTADA, DMT ATÉ 30 KM (UNIDADE: M3XKM). AF_07/2020 | B11: ='Planilha Orçamentária'!$E$20 -> M3XKM | C11: ='Planilha Orçamentária'!$F$20 -> 52651.048 | D11: ='Planilha Orçamentária'!$G$20 -> R$ | E11: ='Planilha Orçamentária'!$H$20 -> 2.56 | F11: ='Planilha Orçamentária'!$I$20 -> R$ | G11: ='Planilha Orçamentária'!$J$20 -> 134786.68
A12: ='Planilha Orçamentária'!$D$21 -> REGULARIZAÇÃO E COMPACTAÇÃO DE SUBLEITO DE SOLO PREDOMINANTEMENTE ARGILOSO. AF_11/2019 | B12: ='Planilha Orçamentária'!$E$21 -> M2 | C12: ='Planilha Orçamentária'!$F$21 -> 5660.49 | D12: ='Planilha Orçamentária'!$G$21 -> R$ | E12: ='Planilha Orçamentária'!$H$21 -> 2.14 | F12: ='Planilha Orçamentária'!$I$21 -> R$ | G12: ='Planilha Orçamentária'!$J$21 -> 12113.449
A13: ='Planilha Orçamentária'!$D$22 -> EXECUÇÃO E COMPACTAÇÃO DE BASE E OU SUB-BASE PARA PAVIMENTAÇÃO DE SOLO (PREDOMINANTEMENTE ARENOSO) COM CIMENTO (TEOR DE 4%) - EXCLUSIVE SOLO, ESCAVAÇÃO, CARGA E TRANSPORTE. AF_11/2019 – 20CM | B13: ='Planilha Orçamentária'!$E$22 -> M3 | C13: ='Planilha Orçamentária'!$F$22 -> 1132.098 | D13: ='Planilha Orçamentária'!$G$22 -> R$ | E13: ='Planilha Orçamentária'!$H$22 -> 127.87 | F13: ='Planilha Orçamentária'!$I$22 -> R$ | G13: ='Planilha Orçamentária'!$J$22 -> 144761.37
A14: ='Planilha Orçamentária'!$D$23 -> CARGA, MANOBRA E DESCARGA DE SOLOS E MATERIAIS GRANULARES EM CAMINHÃO BASCULANTE 10 M³ - CARGA COM ESCAVADEIRA HIDRÁULICA (CAÇAMBA DE 1,20 M³ / 155 HP) E DESCARGA LIVRE (UNIDADE: M3). AF_07/2020 | B14: ='Planilha Orçamentária'!$E$23 -> M3 | C14: ='Planilha Orçamentária'!$F$23 -> 747.18468 | D14: ='Planilha Orçamentária'!$G$23 -> R$ | E14: ='Planilha Orçamentária'!$H$23 -> 7.22 | F14: ='Planilha Orçamentária'!$I$23 -> R$ | G14: ='Planilha Orçamentária'!$J$23 -> 5394.6734
A15: ='Planilha Orçamentária'!$D$24 -> TRANSPORTE COM CAMINHÃO BASCULANTE DE 10 M³, EM VIA URBANA PAVIMENTADA, DMT ATÉ 30 KM (UNIDADE: M3XKM). AF_07/2020 | B15: ='Planilha Orçamentária'!$E$24 -> M3XKM | C15: ='Planilha Orçamentária'!$F$24 -> 18799.167 | D15: ='Planilha Orçamentária'!$G$24 -> R$ | E15: ='Planilha Orçamentária'!$H$24 -> 2.56 | F15: ='Planilha Orçamentária'!$I$24 -> R$ | G15: ='Planilha Orçamentária'!$J$24 -> 48125.866
E16: ='Planilha Orçamentária'!$H$25 -> Sub-total: | F16: ='Planilha Orçamentária'!$I$25 -> R$ | G16: ='Planilha Orçamentária'!$J$25 -> 402933.97
A17: ='Planilha Orçamentária'!B26 -> EXECUÇÃO DE BASE E IMPRIMAÇÃO
A18: ='Planilha Orçamentária'!$D$27 -> EXECUÇÃO E COMPACTAÇÃO DE BASE E OU SUB BASE PARA PAVIMENTAÇÃO DE BRITA GRADUADA SIMPLES – EXCLUSIVE CARGA E TRANSPORTE. AF_11/2019 – 15CM | B18: ='Planilha Orçamentária'!$E$27 -> M3 | C18: ='Planilha Orçamentária'!$F$27 -> 849.0735 | D18: ='Planilha Orçamentária'!$G$27 -> R$ | E18: ='Planilha Orçamentária'!$H$27 -> 128.59 | F18: ='Planilha Orçamentária'!$I$27 -> R$ | G18: ='Planilha Orçamentária'!$J$27 -> 109182.36
A19: ='Planilha Orçamentária'!$D$28 -> CARGA, MANOBRA E DESCARGA DE SOLOS E MATERIAIS GRANULARES EM CAMINHÃO BASCULANTE 10 M³ - CARGA COM ESCAVADEIRA HIDRÁULICA (CAÇAMBA DE 1,20 M³ / 155 HP) E DESCARGA LIVRE (UNIDADE: M3). AF_07/2020 | B19: ='Planilha Orçamentária'!$E$28 -> M3 | C19: ='Planilha Orçamentária'!$F$28 -> 849.0735 | D19: ='Planilha Orçamentária'!$G$28 -> R$ | E19: ='Planilha Orçamentária'!$H$28 -> 7.22 | F19: ='Planilha Orçamentária'!$I$28 -> R$ | G19: ='Planilha Orçamentária'!$J$28 -> 6130.3107
A20: ='Planilha Orçamentária'!$D$29 -> TRANSPORTE COM CAMINHÃO BASCULANTE DE 10 M³, EM VIA URBANA PAVIMENTADA, DMT ATÉ 30 KM (UNIDADE: M3XKM). AF_07/2020 | B20: ='Planilha Orçamentária'!$E$29 -> M3XKM | C20: ='Planilha Orçamentária'!$F$29 -> 21362.689 | D20: ='Planilha Orçamentária'!$G$29 -> R$ | E20: ='Planilha Orçamentária'!$H$29 -> 2.56 | F20: ='Planilha Orçamentária'!$I$29 -> R$ | G20: ='Planilha Orçamentária'!$J$29 -> 54688.485
A21: ='Planilha Orçamentária'!$D$30 -> Imprimação betuminosa impermeabilizante | B21: ='Planilha Orçamentária'!$E$30 -> M2 | C21: ='Planilha Orçamentária'!$F$30 -> 5660.49 | D21: ='Planilha Orçamentária'!$G$30 -> R$ | E21: ='Planilha Orçamentária'!$H$30 -> 15.59 | F21: ='Planilha Orçamentária'!$I$30 -> R$ | G21: ='Planilha Orçamentária'!$J$30 -> 88247.039
A22: ='Planilha Orçamentária'!$D$31 -> Imprimação betuminosa ligante | B22: ='Planilha Orçamentária'!$E$31 -> M2 | C22: ='Planilha Orçamentária'!$F$31 -> 11320.98 | D22: ='Planilha Orçamentária'!$G$31 -> R$ | E22: ='Planilha Orçamentária'!$H$31 -> 6.02 | F22: ='Planilha Orçamentária'!$I$31 -> R$ | G22: ='Planilha Orçamentária'!$J$31 -> 68152.3
E23: ='Planilha Orçamentária'!$H$32 -> Sub-total: | F23: ='Planilha Orçamentária'!$I$32 -> R$ | G23: ='Planilha Orçamentária'!$J$32 -> 326400.5
A24: ='Planilha Orçamentária'!B33 -> PAVIMENTAÇÃO ASFÁLTICA
A25: ='Planilha Orçamentária'!$D$34 -> EXECUÇÃO DE PAVIMENTO COM APLICAÇÃO DE CONCRETO ASFÁLTICO, CAMADA DE BINDER - EXCLUSIVE CARGA E TRANSPORTE. AF_11/2019 – 4CM | B25: ='Planilha Orçamentária'!$E$34 -> M3 | C25: ='Planilha Orçamentária'!$F$34 -> 226.4196 | D25: ='Planilha Orçamentária'!$G$34 -> R$ | E25: ='Planilha Orçamentária'!$H$34 -> 1245.65 | F25: ='Planilha Orçamentária'!$I$34 -> R$ | G25: ='Planilha Orçamentária'!$J$34 -> 282039.57
A26: ='Planilha Orçamentária'!$D$35 -> CARGA DE MISTURA ASFÁLTICA EM CAMINHÃO BASCULANTE 10 M³ (UNIDADE: M3). AF_07/2020 | B26: ='Planilha Orçamentária'!$E$35 -> M3 | C26: ='Planilha Orçamentária'!$F$35 -> 226.4196 | D26: ='Planilha Orçamentária'!$G$35 -> R$ | E26: ='Planilha Orçamentária'!$H$35 -> 9.39 | F26: ='Planilha Orçamentária'!$I$35 -> R$ | G26: ='Planilha Orçamentária'!$J$35 -> 2126.08
A27: ='Planilha Orçamentária'!$D$36 -> TRANSPORTE COM CAMINHÃO BASCULANTE DE 10 M³, EM VIA URBANA PAVIMENTADA, DMT ATÉ 30 KM (UNIDADE: M3XKM). AF_07/2020 | B27: ='Planilha Orçamentária'!$E$36 -> M3XKM | C27: ='Planilha Orçamentária'!$F$36 -> 5696.7171 | D27: ='Planilha Orçamentária'!$G$36 -> R$ | E27: ='Planilha Orçamentária'!$H$36 -> 2.56 | F27: ='Planilha Orçamentária'!$I$36 -> R$ | G27: ='Planilha Orçamentária'!$J$36 -> 14583.596
A28: ='Planilha Orçamentária'!$D$37 -> EXECUÇÃO DE PAVIMENTO COM APLICAÇÃO DE CONCRETO ASFÁLTICO, CAMADA DE ROLAMENTO - EXCLUSIVE CARGA E TRANSPORTE. AF_11/2019 – 4CM | B28: ='Planilha Orçamentária'!$E$37 -> M3 | C28: ='Planilha Orçamentária'!$F$37 -> 226.4196 | D28: ='Planilha Orçamentária'!$G$37 -> R$ | E28: ='Planilha Orçamentária'!$H$37 -> 1444.78 | F28: ='Planilha Orçamentária'!$I$37 -> R$ | G28: ='Planilha Orçamentária'!$J$37 -> 327126.51
A29: ='Planilha Orçamentária'!$D$38 -> CARGA DE MISTURA ASFÁLTICA EM CAMINHÃO BASCULANTE 10 M³ (UNIDADE: M3). AF_07/2020 | B29: ='Planilha Orçamentária'!$E$38 -> M3 | C29: ='Planilha Orçamentária'!$F$38 -> 226.4196 | D29: ='Planilha Orçamentária'!$G$38 -> R$ | E29: ='Planilha Orçamentária'!$H$38 -> 9.39 | F29: ='Planilha Orçamentária'!$I$38 -> R$ | G29: ='Planilha Orçamentária'!$J$38 -> 2126.08
A30: ='Planilha Orçamentária'!$D$39 -> TRANSPORTE COM CAMINHÃO BASCULANTE DE 10 M³, EM VIA URBANA PAVIMENTADA, DMT ATÉ 30 KM (UNIDADE: M3XKM). AF_07/2020 | B30: ='Planilha Orçamentária'!$E$39 -> M3XKM | C30: ='Planilha Orçamentária'!$F$39 -> 5696.7171 | D30: ='Planilha Orçamentária'!$G$39 -> R$ | E30: ='Planilha Orçamentária'!$H$39 -> 2.56 | F30: ='Planilha Orçamentária'!$I$39 -> R$ | G30: ='Planilha Orçamentária'!$J$39 -> 14583.596
E31: ='Planilha Orçamentária'!$H$40 -> Sub-total: | F31: ='Planilha Orçamentária'!$I$40 -> R$ | G31: ='Planilha Orçamentária'!$J$40 -> 642585.44
A32: ='Planilha Orçamentária'!B41 -> PAVIMENTAÇÃO ASFÁLTICA - RUA BERNARDO MASCARENHAS MARTINS, RUA NELSON PIRES DE CAMPOS, RUA DIOGO SOLER SOLER E RUA ANTÔNIO C. OLIVEIRA
A33: ='Planilha Orçamentária'!B42 -> TERRAPLANAGEM
A34: ='Planilha Orçamentária'!$D$43 -> LIMPEZA MECANIZADA DE CAMADA VEGETAL, VEGETAÇÃO E PEQUENAS ÁRVORES (DIÂMETRO DE TRONCO MENOR QUE 0,20 M), COM TRATOR DE ESTEIRAS.AF_05/2018 | B34: ='Planilha Orçamentária'!$E$43 -> M2 | C34: ='Planilha Orçamentária'!$F$43 -> 2183.65 | D34: ='Planilha Orçamentária'!$G$43 -> R$ | E34: ='Planilha Orçamentária'!$H$43 -> 0.69 | F34: ='Planilha Orçamentária'!$I$43 -> R$ | G34: ='Planilha Orçamentária'!$J$43 -> 1506.7185
A35: ='Planilha Orçamentária'!$D$44 -> CARGA, MANOBRA E DESCARGA DE SOLOS E MATERIAIS GRANULARES EM CAMINHÃO BASCULANTE 10 M³ - CARGA COM ESCAVADEIRA HIDRÁULICA (CAÇAMBA DE 1,20 M³ / 155 HP) E DESCARGA LIVRE (UNIDADE: M3). AF_07/2020 | B35: ='Planilha Orçamentária'!$E$44 -> M3 | C35: ='Planilha Orçamentária'!$F$44 -> 283.8745 | D35: ='Planilha Orçamentária'!$G$44 -> R$ | E35: ='Planilha Orçamentária'!$H$44 -> 7.22 | F35: ='Planilha Orçamentária'!$I$44 -> R$ | G35: ='Planilha Orçamentária'!$J$44 -> 2049.5739
A36: ='Planilha Orçamentária'!$D$45 -> TRANSPORTE COM CAMINHÃO BASCULANTE DE 10 M³, EM VIA URBANA PAVIMENTADA, DMT ATÉ 30 KM (UNIDADE: M3XKM). AF_07/2020 | B36: ='Planilha Orçamentária'!$E$45 -> M3XKM | C36: ='Planilha Orçamentária'!$F$45 -> 4513.6046 | D36: ='Planilha Orçamentária'!$G$45 -> R$ | E36: ='Planilha Orçamentária'!$H$45 -> 2.56 | F36: ='Planilha Orçamentária'!$I$45 -> R$ | G36: ='Planilha Orçamentária'!$J$45 -> 11554.828
A37: ='Planilha Orçamentária'!$D$46 -> DEMOLIÇÃO PARCIAL DE PAVIMENTO ASFÁLTICO, DE FORMA MECANIZADA, SEM REAPROVEITAMENTO. AF_09/2023 | B37: ='Planilha Orçamentária'!$E$46 -> M2 | C37: ='Planilha Orçamentária'!$F$46 -> 650 | D37: ='Planilha Orçamentária'!$G$46 -> R$ | E37: ='Planilha Orçamentária'!$H$46 -> 24.44 | F37: ='Planilha Orçamentária'!$I$46 -> R$ | G37: ='Planilha Orçamentária'!$J$46 -> 15886
A38: ='Planilha Orçamentária'!$D$47 -> CARGA, MANOBRA E DESCARGA DE ENTULHO EM CAMINHÃO BASCULANTE 10 M³ - CARGA COM ESCAVADEIRA HIDRÁULICA (CAÇAMBA DE 0,80 M³ / 111 HP) E DESCARGA LIVRE (UNIDADE: M3). AF_07/2020 | B38: ='Planilha Orçamentária'!$E$47 -> M3 | C38: ='Planilha Orçamentária'!$F$47 -> 42.25 | D38: ='Planilha Orçamentária'!$G$47 -> R$ | E38: ='Planilha Orçamentária'!$H$47 -> 9.34 | F38: ='Planilha Orçamentária'!$I$47 -> R$ | G38: ='Planilha Orçamentária'!$J$47 -> 394.615
A39: ='Planilha Orçamentária'!$D$48 -> TRANSPORTE COM CAMINHÃO BASCULANTE DE 10 M³, EM VIA URBANA PAVIMENTADA, ADICIONAL PARA DMT EXCEDENTE A 30 KM (UNIDADE: M3XKM). AF_07/2020 | B39: ='Planilha Orçamentária'!$E$48 -> M3XKM | C39: ='Planilha Orçamentária'!$F$48 -> 671.775 | D39: ='Planilha Orçamentária'!$G$48 -> R$ | E39: ='Planilha Orçamentária'!$H$48 -> 1.01 | F39: ='Planilha Orçamentária'!$I$48 -> R$ | G39: ='Planilha Orçamentária'!$J$48 -> 678.49275
A40: ='Planilha Orçamentária'!$D$49 -> ESCAVAÇÃO HORIZONTAL, INCLUINDO ESCARIFICAÇÃO, CARGA, DESCARGA E TRANSPORTE EM SOLO DE 2A CATEGORIA COM TRATOR DE ESTEIRAS (170HP/LÂMINA: 5,20M3) E CAMINHÃO BASCULANTE DE 10M3, DMT ATÉ 200M. AF_07/2020 | B40: ='Planilha Orçamentária'!$E$49 -> M3 | C40: ='Planilha Orçamentária'!$F$49 -> 2586.9375 | D40: ='Planilha Orçamentária'!$G$49 -> R$ | E40: ='Planilha Orçamentária'!$H$49 -> 16.78 | F40: ='Planilha Orçamentária'!$I$49 -> R$ | G40: ='Planilha Orçamentária'!$J$49 -> 43408.811
A41: ='Planilha Orçamentária'!$D$50 -> TRANSPORTE COM CAMINHÃO BASCULANTE DE 10 M³, EM VIA URBANA PAVIMENTADA, DMT ATÉ 30 KM (UNIDADE: M3XKM). AF_07/2020 | B41: ='Planilha Orçamentária'!$E$50 -> M3XKM | C41: ='Planilha Orçamentária'!$F$50 -> 53471.998 | D41: ='Planilha Orçamentária'!$G$50 -> R$ | E41: ='Planilha Orçamentária'!$H$50 -> 2.56 | F41: ='Planilha Orçamentária'!$I$50 -> R$ | G41: ='Planilha Orçamentária'!$J$50 -> 136888.32
A42: ='Planilha Orçamentária'!$D$51 -> REGULARIZAÇÃO E COMPACTAÇÃO DE SUBLEITO DE SOLO PREDOMINANTEMENTE ARGILOSO. AF_11/2019 | B42: ='Planilha Orçamentária'!$E$51 -> M2 | C42: ='Planilha Orçamentária'!$F$51 -> 5748.75 | D42: ='Planilha Orçamentária'!$G$51 -> R$ | E42: ='Planilha Orçamentária'!$H$51 -> 2.14 | F42: ='Planilha Orçamentária'!$I$51 -> R$ | G42: ='Planilha Orçamentária'!$J$51 -> 12302.325
A43: ='Planilha Orçamentária'!$D$52 -> EXECUÇÃO E COMPACTAÇÃO DE BASE E OU SUB-BASE PARA PAVIMENTAÇÃO DE SOLO (PREDOMINANTEMENTE ARENOSO) COM CIMENTO (TEOR DE 4%) - EXCLUSIVE SOLO, ESCAVAÇÃO, CARGA E TRANSPORTE. AF_11/2019 – 20CM | B43: ='Planilha Orçamentária'!$E$52 -> M3 | C43: ='Planilha Orçamentária'!$F$52 -> 1149.75 | D43: ='Planilha Orçamentária'!$G$52 -> R$ | E43: ='Planilha Orçamentária'!$H$52 -> 127.87 | F43: ='Planilha Orçamentária'!$I$52 -> R$ | G43: ='Planilha Orçamentária'!$J$52 -> 147018.53
A44: ='Planilha Orçamentária'!$D$53 -> CARGA, MANOBRA E DESCARGA DE SOLOS E MATERIAIS GRANULARES EM CAMINHÃO BASCULANTE 10 M³ - CARGA COM ESCAVADEIRA HIDRÁULICA (CAÇAMBA DE 1,20 M³ / 155 HP) E DESCARGA LIVRE (UNIDADE: M3). AF_07/2020 | B44: ='Planilha Orçamentária'!$E$53 -> M3 | C44: ='Planilha Orçamentária'!$F$53 -> 758.835 | D44: ='Planilha Orçamentária'!$G$53 -> R$ | E44: ='Planilha Orçamentária'!$H$53 -> 7.22 | F44: ='Planilha Orçamentária'!$I$53 -> R$ | G44: ='Planilha Orçamentária'!$J$53 -> 5478.7887
A45: ='Planilha Orçamentária'!$D$54 -> TRANSPORTE COM CAMINHÃO BASCULANTE DE 10 M³, EM VIA URBANA PAVIMENTADA, DMT ATÉ 30 KM (UNIDADE: M3XKM). AF_07/2020 | B45: ='Planilha Orçamentária'!$E$54 -> M3XKM | C45: ='Planilha Orçamentária'!$F$54 -> 19092.289 | D45: ='Planilha Orçamentária'!$G$54 -> R$ | E45: ='Planilha Orçamentária'!$H$54 -> 2.56 | F45: ='Planilha Orçamentária'!$I$54 -> R$ | G45: ='Planilha Orçamentária'!$J$54 -> 48876.259
E46: ='Planilha Orçamentária'!$H$55 -> Sub-total: | F46: ='Planilha Orçamentária'!$I$55 -> R$ | G46: ='Planilha Orçamentária'!$J$55 -> 426043.26
A47: ='Planilha Orçamentária'!B56 -> EXECUÇÃO DE BASE E IMPRIMAÇÃO
A48: ='Planilha Orçamentária'!$D$57 -> EXECUÇÃO E COMPACTAÇÃO DE BASE E OU SUB BASE PARA PAVIMENTAÇÃO DE BRITA GRADUADA SIMPLES – EXCLUSIVE CARGA E TRANSPORTE. AF_11/2019 – 15CM | B48: ='Planilha Orçamentária'!$E$57 -> M3 | C48: ='Planilha Orçamentária'!$F$57 -> 862.3125 | D48: ='Planilha Orçamentária'!$G$57 -> R$ | E48: ='Planilha Orçamentária'!$H$57 -> 128.59 | F48: ='Planilha Orçamentária'!$I$57 -> R$ | G48: ='Planilha Orçamentária'!$J$57 -> 110884.76
A49: ='Planilha Orçamentária'!$D$58 -> CARGA, MANOBRA E DESCARGA DE SOLOS E MATERIAIS GRANULARES EM CAMINHÃO BASCULANTE 10 M³ - CARGA COM ESCAVADEIRA HIDRÁULICA (CAÇAMBA DE 1,20 M³ / 155 HP) E DESCARGA LIVRE (UNIDADE: M3). AF_07/2020 | B49: ='Planilha Orçamentária'!$E$58 -> M3 | C49: ='Planilha Orçamentária'!$F$58 -> 862.3125 | D49: ='Planilha Orçamentária'!$G$58 -> R$ | E49: ='Planilha Orçamentária'!$H$58 -> 7.22 | F49: ='Planilha Orçamentária'!$I$58 -> R$ | G49: ='Planilha Orçamentária'!$J$58 -> 6225.8962
A50: ='Planilha Orçamentária'!$D$59 -> TRANSPORTE COM CAMINHÃO BASCULANTE DE 10 M³, EM VIA URBANA PAVIMENTADA, DMT ATÉ 30 KM (UNIDADE: M3XKM). AF_07/2020 | B50: ='Planilha Orçamentária'!$E$59 -> M3XKM | C50: ='Planilha Orçamentária'!$F$59 -> 21695.783 | D50: ='Planilha Orçamentária'!$G$59 -> R$ | E50: ='Planilha Orçamentária'!$H$59 -> 2.56 | F50: ='Planilha Orçamentária'!$I$59 -> R$ | G50: ='Planilha Orçamentária'!$J$59 -> 55541.203
A51: ='Planilha Orçamentária'!$D$60 -> Imprimação betuminosa impermeabilizante | B51: ='Planilha Orçamentária'!$E$60 -> M2 | C51: ='Planilha Orçamentária'!$F$60 -> 5748.75 | D51: ='Planilha Orçamentária'!$G$60 -> R$ | E51: ='Planilha Orçamentária'!$H$60 -> 15.59 | F51: ='Planilha Orçamentária'!$I$60 -> R$ | G51: ='Planilha Orçamentária'!$J$60 -> 89623.012
A52: ='Planilha Orçamentária'!$D$61 -> Imprimação betuminosa ligante | B52: ='Planilha Orçamentária'!$E$61 -> M2 | C52: ='Planilha Orçamentária'!$F$61 -> 11497.5 | D52: ='Planilha Orçamentária'!$G$61 -> R$ | E52: ='Planilha Orçamentária'!$H$61 -> 6.02 | F52: ='Planilha Orçamentária'!$I$61 -> R$ | G52: ='Planilha Orçamentária'!$J$61 -> 69214.95
E53: ='Planilha Orçamentária'!$H$62 -> Sub-total: | F53: ='Planilha Orçamentária'!$I$62 -> R$ | G53: ='Planilha Orçamentária'!$J$62 -> 331489.83
A54: ='Planilha Orçamentária'!B63 -> PAVIMENTAÇÃO ASFÁLTICA
A55: ='Planilha Orçamentária'!$D$64 -> EXECUÇÃO DE PAVIMENTO COM APLICAÇÃO DE CONCRETO ASFÁLTICO, CAMADA DE BINDER - EXCLUSIVE CARGA E TRANSPORTE. AF_11/2019 – 4CM | B55: ='Planilha Orçamentária'!$E$64 -> M3 | C55: ='Planilha Orçamentária'!$F$64 -> 229.95 | D55: ='Planilha Orçamentária'!$G$64 -> R$ | E55: ='Planilha Orçamentária'!$H$64 -> 1245.65 | F55: ='Planilha Orçamentária'!$I$64 -> R$ | G55: ='Planilha Orçamentária'!$J$64 -> 286437.22
A56: ='Planilha Orçamentária'!$D$65 -> CARGA DE MISTURA ASFÁLTICA EM CAMINHÃO BASCULANTE 10 M³ (UNIDADE: M3). AF_07/2020 | B56: ='Planilha Orçamentária'!$E$65 -> M3 | C56: ='Planilha Orçamentária'!$F$65 -> 229.95 | D56: ='Planilha Orçamentária'!$G$65 -> R$ | E56: ='Planilha Orçamentária'!$H$65 -> 9.39 | F56: ='Planilha Orçamentária'!$I$65 -> R$ | G56: ='Planilha Orçamentária'!$J$65 -> 2159.2305
A57: ='Planilha Orçamentária'!$D$66 -> TRANSPORTE COM CAMINHÃO BASCULANTE DE 10 M³, EM VIA URBANA PAVIMENTADA, DMT ATÉ 30 KM (UNIDADE: M3XKM). AF_07/2020 | B57: ='Planilha Orçamentária'!$E$66 -> M3XKM | C57: ='Planilha Orçamentária'!$F$66 -> 5785.542 | D57: ='Planilha Orçamentária'!$G$66 -> R$ | E57: ='Planilha Orçamentária'!$H$66 -> 2.56 | F57: ='Planilha Orçamentária'!$I$66 -> R$ | G57: ='Planilha Orçamentária'!$J$66 -> 14810.988
A58: ='Planilha Orçamentária'!$D$67 -> EXECUÇÃO DE PAVIMENTO COM APLICAÇÃO DE CONCRETO ASFÁLTICO, CAMADA DE ROLAMENTO - EXCLUSIVE CARGA E TRANSPORTE. AF_11/2019 – 4CM | B58: ='Planilha Orçamentária'!$E$67 -> M3 | C58: ='Planilha Orçamentária'!$F$67 -> 229.95 | D58: ='Planilha Orçamentária'!$G$67 -> R$ | E58: ='Planilha Orçamentária'!$H$67 -> 1444.78 | F58: ='Planilha Orçamentária'!$I$67 -> R$ | G58: ='Planilha Orçamentária'!$J$67 -> 332227.16
A59: ='Planilha Orçamentária'!$D$68 -> CARGA DE MISTURA ASFÁLTICA EM CAMINHÃO BASCULANTE 10 M³ (UNIDADE: M3). AF_07/2020 | B59: ='Planilha Orçamentária'!$E$68 -> M3 | C59: ='Planilha Orçamentária'!$F$68 -> 229.95 | D59: ='Planilha Orçamentária'!$G$68 -> R$ | E59: ='Planilha Orçamentária'!$H$68 -> 9.39 | F59: ='Planilha Orçamentária'!$I$68 -> R$ | G59: ='Planilha Orçamentária'!$J$68 -> 2159.2305
A60: ='Planilha Orçamentária'!$D$69 -> TRANSPORTE COM CAMINHÃO BASCULANTE DE 10 M³, EM VIA URBANA PAVIMENTADA, DMT ATÉ 30 KM (UNIDADE: M3XKM). AF_07/2020 | B60: ='Planilha Orçamentária'!$E$69 -> M3XKM | C60: ='Planilha Orçamentária'!$F$69 -> 5785.542 | D60: ='Planilha Orçamentária'!$G$69 -> R$ | E60: ='Planilha Orçamentária'!$H$69 -> 2.56 | F60: ='Planilha Orçamentária'!$I$69 -> R$ | G60: ='Planilha Orçamentária'!$J$69 -> 14810.988
E61: ='Planilha Orçamentária'!$H$70 -> Sub-total: | F61: ='Planilha Orçamentária'!$I$70 -> R$ | G61: ='Planilha Orçamentária'!$J$70 -> 652604.81
A62: ='Planilha Orçamentária'!B71 -> PAVIMENTAÇÃO ASFÁLTICA – RUA DOUTOR FAUSTO TELLES FILHO
A63: ='Planilha Orçamentária'!B72 -> TERRAPLANAGEM
A64: ='Planilha Orçamentária'!$D$73 -> LIMPEZA MECANIZADA DE CAMADA VEGETAL, VEGETAÇÃO E PEQUENAS ÁRVORES (DIÂMETRO DE TRONCO MENOR QUE 0,20 M), COM TRATOR DE ESTEIRAS.AF_05/2018 | B64: ='Planilha Orçamentária'!$E$73 -> M2 | C64: ='Planilha Orçamentária'!$F$73 -> 2456.15 | D64: ='Planilha Orçamentária'!$G$73 -> R$ | E64: ='Planilha Orçamentária'!$H$73 -> 0.69 | F64: ='Planilha Orçamentária'!$I$73 -> R$ | G64: ='Planilha Orçamentária'!$J$73 -> 1694.7435
A65: ='Planilha Orçamentária'!$D$74 -> CARGA, MANOBRA E DESCARGA DE SOLOS E MATERIAIS GRANULARES EM CAMINHÃO BASCULANTE 10 M³ - CARGA COM ESCAVADEIRA HIDRÁULICA (CAÇAMBA DE 1,20 M³ / 155 HP) E DESCARGA LIVRE (UNIDADE: M3). AF_07/2020 | B65: ='Planilha Orçamentária'!$E$74 -> M3 | C65: ='Planilha Orçamentária'!$F$74 -> 319.2995 | D65: ='Planilha Orçamentária'!$G$74 -> R$ | E65: ='Planilha Orçamentária'!$H$74 -> 7.22 | F65: ='Planilha Orçamentária'!$I$74 -> R$ | G65: ='Planilha Orçamentária'!$J$74 -> 2305.3424
A66: ='Planilha Orçamentária'!$D$75 -> TRANSPORTE COM CAMINHÃO BASCULANTE DE 10 M³, EM VIA URBANA PAVIMENTADA, DMT ATÉ 30 KM (UNIDADE: M3XKM). AF_07/2020 | B66: ='Planilha Orçamentária'!$E$75 -> M3XKM | C66: ='Planilha Orçamentária'!$F$75 -> 5076.862 | D66: ='Planilha Orçamentária'!$G$75 -> R$ | E66: ='Planilha Orçamentária'!$H$75 -> 2.56 | F66: ='Planilha Orçamentária'!$I$75 -> R$ | G66: ='Planilha Orçamentária'!$J$75 -> 12996.767
A67: ='Planilha Orçamentária'!$D$76 -> DEMOLIÇÃO PARCIAL DE PAVIMENTO ASFÁLTICO, DE FORMA MECANIZADA, SEM REAPROVEITAMENTO. AF_09/2023 | B67: ='Planilha Orçamentária'!$E$76 -> M2 | C67: ='Planilha Orçamentária'!$F$76 -> 6906.44 | D67: ='Planilha Orçamentária'!$G$76 -> R$ | E67: ='Planilha Orçamentária'!$H$76 -> 24.44 | F67: ='Planilha Orçamentária'!$I$76 -> R$ | G67: ='Planilha Orçamentária'!$J$76 -> 168793.39
A68: ='Planilha Orçamentária'!$D$77 -> CARGA, MANOBRA E DESCARGA DE ENTULHO EM CAMINHÃO BASCULANTE 10 M³ - CARGA COM ESCAVADEIRA HIDRÁULICA (CAÇAMBA DE 0,80 M³ / 111 HP) E DESCARGA LIVRE (UNIDADE: M3). AF_07/2020 | B68: ='Planilha Orçamentária'!$E$77 -> M3 | C68: ='Planilha Orçamentária'!$F$77 -> 448.9186 | D68: ='Planilha Orçamentária'!$G$77 -> R$ | E68: ='Planilha Orçamentária'!$H$77 -> 9.34 | F68: ='Planilha Orçamentária'!$I$77 -> R$ | G68: ='Planilha Orçamentária'!$J$77 -> 4192.8997
A69: ='Planilha Orçamentária'!$D$78 -> TRANSPORTE COM CAMINHÃO BASCULANTE DE 10 M³, EM VIA URBANA PAVIMENTADA, ADICIONAL PARA DMT EXCEDENTE A 30 KM (UNIDADE: M3XKM). AF_07/2020 | B69: ='Planilha Orçamentária'!$E$78 -> M3XKM | C69: ='Planilha Orçamentária'!$F$78 -> 7137.8057 | D69: ='Planilha Orçamentária'!$G$78 -> R$ | E69: ='Planilha Orçamentária'!$H$78 -> 1.01 | F69: ='Planilha Orçamentária'!$I$78 -> R$ | G69: ='Planilha Orçamentária'!$J$78 -> 7209.1838
A70: ='Planilha Orçamentária'!$D$79 -> ESCAVAÇÃO HORIZONTAL, INCLUINDO ESCARIFICAÇÃO, CARGA, DESCARGA E TRANSPORTE EM SOLO DE 2A CATEGORIA COM TRATOR DE ESTEIRAS (170HP/LÂMINA: 5,20M3) E CAMINHÃO BASCULANTE DE 10M3, DMT ATÉ 200M. AF_07/2020 | B70: ='Planilha Orçamentária'!$E$79 -> M3 | C70: ='Planilha Orçamentária'!$F$79 -> 3107.898 | D70: ='Planilha Orçamentária'!$G$79 -> R$ | E70: ='Planilha Orçamentária'!$H$79 -> 16.78 | F70: ='Planilha Orçamentária'!$I$79 -> R$ | G70: ='Planilha Orçamentária'!$J$79 -> 52150.528
A71: ='Planilha Orçamentária'!$D$80 -> TRANSPORTE COM CAMINHÃO BASCULANTE DE 10 M³, EM VIA URBANA PAVIMENTADA, DMT ATÉ 30 KM (UNIDADE: M3XKM). AF_07/2020 | B71: ='Planilha Orçamentária'!$E$80 -> M3XKM | C71: ='Planilha Orçamentária'!$F$80 -> 64240.252 | D71: ='Planilha Orçamentária'!$G$80 -> R$ | E71: ='Planilha Orçamentária'!$H$80 -> 2.56 | F71: ='Planilha Orçamentária'!$I$80 -> R$ | G71: ='Planilha Orçamentária'!$J$80 -> 164455.04
A72: ='Planilha Orçamentária'!$D$81 -> REGULARIZAÇÃO E COMPACTAÇÃO DE SUBLEITO DE SOLO PREDOMINANTEMENTE ARGILOSO. AF_11/2019 | B72: ='Planilha Orçamentária'!$E$81 -> M2 | C72: ='Planilha Orçamentária'!$F$81 -> 6906.44 | D72: ='Planilha Orçamentária'!$G$81 -> R$ | E72: ='Planilha Orçamentária'!$H$81 -> 2.14 | F72: ='Planilha Orçamentária'!$I$81 -> R$ | G72: ='Planilha Orçamentária'!$J$81 -> 14779.782
A73: ='Planilha Orçamentária'!$D$82 -> EXECUÇÃO E COMPACTAÇÃO DE BASE E OU SUB-BASE PARA PAVIMENTAÇÃO DE SOLO (PREDOMINANTEMENTE ARENOSO) COM CIMENTO (TEOR DE 4%) - EXCLUSIVE SOLO, ESCAVAÇÃO, CARGA E TRANSPORTE. AF_11/2019 – 20CM | B73: ='Planilha Orçamentária'!$E$82 -> M3 | C73: ='Planilha Orçamentária'!$F$82 -> 1381.288 | D73: ='Planilha Orçamentária'!$G$82 -> R$ | E73: ='Planilha Orçamentária'!$H$82 -> 127.87 | F73: ='Planilha Orçamentária'!$I$82 -> R$ | G73: ='Planilha Orçamentária'!$J$82 -> 176625.3
A74: ='Planilha Orçamentária'!$D$83 -> CARGA, MANOBRA E DESCARGA DE SOLOS E MATERIAIS GRANULARES EM CAMINHÃO BASCULANTE 10 M³ - CARGA COM ESCAVADEIRA HIDRÁULICA (CAÇAMBA DE 1,20 M³ / 155 HP) E DESCARGA LIVRE (UNIDADE: M3). AF_07/2020 | B74: ='Planilha Orçamentária'!$E$83 -> M3 | C74: ='Planilha Orçamentária'!$F$83 -> 911.65008 | D74: ='Planilha Orçamentária'!$G$83 -> R$ | E74: ='Planilha Orçamentária'!$H$83 -> 7.22 | F74: ='Planilha Orçamentária'!$I$83 -> R$ | G74: ='Planilha Orçamentária'!$J$83 -> 6582.1136
A75: ='Planilha Orçamentária'!$D$84 -> TRANSPORTE COM CAMINHÃO BASCULANTE DE 10 M³, EM VIA URBANA PAVIMENTADA, DMT ATÉ 30 KM (UNIDADE: M3XKM). AF_07/2020 | B75: ='Planilha Orçamentária'!$E$84 -> M3XKM | C75: ='Planilha Orçamentária'!$F$84 -> 22937.116 | D75: ='Planilha Orçamentária'!$G$84 -> R$ | E75: ='Planilha Orçamentária'!$H$84 -> 2.56 | F75: ='Planilha Orçamentária'!$I$84 -> R$ | G75: ='Planilha Orçamentária'!$J$84 -> 58719.017
E76: ='Planilha Orçamentária'!$H$85 -> Sub-total: | F76: ='Planilha Orçamentária'!$I$85 -> R$ | G76: ='Planilha Orçamentária'!$J$85 -> 670504.11
A77: ='Planilha Orçamentária'!B86 -> EXECUÇÃO DE BASE E IMPRIMAÇÃO
A78: ='Planilha Orçamentária'!$D$87 -> EXECUÇÃO E COMPACTAÇÃO DE BASE E OU SUB BASE PARA PAVIMENTAÇÃO DE BRITA GRADUADA SIMPLES – EXCLUSIVE CARGA E TRANSPORTE. AF_11/2019 – 15CM | B78: ='Planilha Orçamentária'!$E$87 -> M3 | C78: ='Planilha Orçamentária'!$F$87 -> 1035.966 | D78: ='Planilha Orçamentária'!$G$87 -> R$ | E78: ='Planilha Orçamentária'!$H$87 -> 128.59 | F78: ='Planilha Orçamentária'!$I$87 -> R$ | G78: ='Planilha Orçamentária'!$J$87 -> 133214.87
A79: ='Planilha Orçamentária'!$D$88 -> CARGA, MANOBRA E DESCARGA DE SOLOS E MATERIAIS GRANULARES EM CAMINHÃO BASCULANTE 10 M³ - CARGA COM ESCAVADEIRA HIDRÁULICA (CAÇAMBA DE 1,20 M³ / 155 HP) E DESCARGA LIVRE (UNIDADE: M3). AF_07/2020 | B79: ='Planilha Orçamentária'!$E$88 -> M3 | C79: ='Planilha Orçamentária'!$F$88 -> 1035.966 | D79: ='Planilha Orçamentária'!$G$88 -> R$ | E79: ='Planilha Orçamentária'!$H$88 -> 7.22 | F79: ='Planilha Orçamentária'!$I$88 -> R$ | G79: ='Planilha Orçamentária'!$J$88 -> 7479.6745
A80: ='Planilha Orçamentária'!$D$89 -> TRANSPORTE COM CAMINHÃO BASCULANTE DE 10 M³, EM VIA URBANA PAVIMENTADA, DMT ATÉ 30 KM (UNIDADE: M3XKM). AF_07/2020 | B80: ='Planilha Orçamentária'!$E$89 -> M3XKM | C80: ='Planilha Orçamentária'!$F$89 -> 26064.905 | D80: ='Planilha Orçamentária'!$G$89 -> R$ | E80: ='Planilha Orçamentária'!$H$89 -> 2.56 | F80: ='Planilha Orçamentária'!$I$89 -> R$ | G80: ='Planilha Orçamentária'!$J$89 -> 66726.156
A81: ='Planilha Orçamentária'!$D$90 -> Imprimação betuminosa impermeabilizante | B81: ='Planilha Orçamentária'!$E$90 -> M2 | C81: ='Planilha Orçamentária'!$F$90 -> 6906.44 | D81: ='Planilha Orçamentária'!$G$90 -> R$ | E81: ='Planilha Orçamentária'!$H$90 -> 15.59 | F81: ='Planilha Orçamentária'!$I$90 -> R$ | G81: ='Planilha Orçamentária'!$J$90 -> 107671.4
A82: ='Planilha Orçamentária'!$D$91 -> Imprimação betuminosa ligante | B82: ='Planilha Orçamentária'!$E$91 -> M2 | C82: ='Planilha Orçamentária'!$F$91 -> 13812.88 | D82: ='Planilha Orçamentária'!$G$91 -> R$ | E82: ='Planilha Orçamentária'!$H$91 -> 6.02 | F82: ='Planilha Orçamentária'!$I$91 -> R$ | G82: ='Planilha Orçamentária'!$J$91 -> 83153.538
E83: ='Planilha Orçamentária'!$H$92 -> Sub-total: | F83: ='Planilha Orçamentária'!$I$92 -> R$ | G83: ='Planilha Orçamentária'!$J$92 -> 398245.64
A84: ='Planilha Orçamentária'!B93 -> PAVIMENTAÇÃO ASFÁLTICA
A85: ='Planilha Orçamentária'!$D$94 -> EXECUÇÃO DE PAVIMENTO COM APLICAÇÃO DE CONCRETO ASFÁLTICO, CAMADA DE BINDER - EXCLUSIVE CARGA E TRANSPORTE. AF_11/2019 – 4CM | B85: ='Planilha Orçamentária'!$E$94 -> M3 | C85: ='Planilha Orçamentária'!$F$94 -> 276.2576 | D85: ='Planilha Orçamentária'!$G$94 -> R$ | E85: ='Planilha Orçamentária'!$H$94 -> 1245.65 | F85: ='Planilha Orçamentária'!$I$94 -> R$ | G85: ='Planilha Orçamentária'!$J$94 -> 344120.28
A86: ='Planilha Orçamentária'!$D$95 -> CARGA DE MISTURA ASFÁLTICA EM CAMINHÃO BASCULANTE 10 M³ (UNIDADE: M3). AF_07/2020 | B86: ='Planilha Orçamentária'!$E$95 -> M3 | C86: ='Planilha Orçamentária'!$F$95 -> 276.2576 | D86: ='Planilha Orçamentária'!$G$95 -> R$ | E86: ='Planilha Orçamentária'!$H$95 -> 9.39 | F86: ='Planilha Orçamentária'!$I$95 -> R$ | G86: ='Planilha Orçamentária'!$J$95 -> 2594.0589
A87: ='Planilha Orçamentária'!$D$96 -> TRANSPORTE COM CAMINHÃO BASCULANTE DE 10 M³, EM VIA URBANA PAVIMENTADA, DMT ATÉ 30 KM (UNIDADE: M3XKM). AF_07/2020 | B87: ='Planilha Orçamentária'!$E$96 -> M3XKM | C87: ='Planilha Orçamentária'!$F$96 -> 6950.6412 | D87: ='Planilha Orçamentária'!$G$96 -> R$ | E87: ='Planilha Orçamentária'!$H$96 -> 2.56 | F87: ='Planilha Orçamentária'!$I$96 -> R$ | G87: ='Planilha Orçamentária'!$J$96 -> 17793.642
A88: ='Planilha Orçamentária'!$D$97 -> EXECUÇÃO DE PAVIMENTO COM APLICAÇÃO DE CONCRETO ASFÁLTICO, CAMADA DE ROLAMENTO - EXCLUSIVE CARGA E TRANSPORTE. AF_11/2019 – 4CM | B88: ='Planilha Orçamentária'!$E$97 -> M3 | C88: ='Planilha Orçamentária'!$F$97 -> 276.2576 | D88: ='Planilha Orçamentária'!$G$97 -> R$ | E88: ='Planilha Orçamentária'!$H$97 -> 1444.78 | F88: ='Planilha Orçamentária'!$I$97 -> R$ | G88: ='Planilha Orçamentária'!$J$97 -> 399131.46
A89: ='Planilha Orçamentária'!$D$98 -> CARGA DE MISTURA ASFÁLTICA EM CAMINHÃO BASCULANTE 10 M³ (UNIDADE: M3). AF_07/2020 | B89: ='Planilha Orçamentária'!$E$98 -> M3 | C89: ='Planilha Orçamentária'!$F$98 -> 276.2576 | D89: ='Planilha Orçamentária'!$G$98 -> R$ | E89: ='Planilha Orçamentária'!$H$98 -> 9.39 | F89: ='Planilha Orçamentária'!$I$98 -> R$ | G89: ='Planilha Orçamentária'!$J$98 -> 2594.0589
A90: ='Planilha Orçamentária'!$D$99 -> TRANSPORTE COM CAMINHÃO BASCULANTE DE 10 M³, EM VIA URBANA PAVIMENTADA, DMT ATÉ 30 KM (UNIDADE: M3XKM). AF_07/2020 | B90: ='Planilha Orçamentária'!$E$99 -> M3XKM | C90: ='Planilha Orçamentária'!$F$99 -> 6950.6412 | D90: ='Planilha Orçamentária'!$G$99 -> R$ | E90: ='Planilha Orçamentária'!$H$99 -> 2.56 | F90: ='Planilha Orçamentária'!$I$99 -> R$ | G90: ='Planilha Orçamentária'!$J$99 -> 17793.642
E91: ='Planilha Orçamentária'!$H$100 -> Sub-total: | F91: ='Planilha Orçamentária'!$I$100 -> R$ | G91: ='Planilha Orçamentária'!$J$100 -> 784027.14
A92: ='Planilha Orçamentária'!B101 -> RECAPEAMENTO ASFÁLTICO – RUA MARIA RAPHAELA PAGLIUCCA E RUA ANTÔNIO FRUET
A93: ='Planilha Orçamentária'!B102 -> TERRAPLANAGEM
A94: ='Planilha Orçamentária'!$D$103 -> LIMPEZA MECANIZADA DE CAMADA VEGETAL, VEGETAÇÃO E PEQUENAS ÁRVORES (DIÂMETRO DE TRONCO MENOR QUE 0,20 M), COM TRATOR DE ESTEIRAS.AF_05/2018 | B94: ='Planilha Orçamentária'!$E$103 -> M2 | C94: ='Planilha Orçamentária'!$F$103 -> 512.658 | D94: ='Planilha Orçamentária'!$G$103 -> R$ | E94: ='Planilha Orçamentária'!$H$103 -> 0.69 | F94: ='Planilha Orçamentária'!$I$103 -> R$ | G94: ='Planilha Orçamentária'!$J$103 -> 353.73402
A95: ='Planilha Orçamentária'!$D$104 -> CARGA, MANOBRA E DESCARGA DE SOLOS E MATERIAIS GRANULARES EM CAMINHÃO BASCULANTE 10 M³ - CARGA COM ESCAVADEIRA HIDRÁULICA (CAÇAMBA DE 1,20 M³ / 155 HP) E DESCARGA LIVRE (UNIDADE: M3). AF_07/2020 | B95: ='Planilha Orçamentária'!$E$104 -> M3 | C95: ='Planilha Orçamentária'!$F$104 -> 66.64554 | D95: ='Planilha Orçamentária'!$G$104 -> R$ | E95: ='Planilha Orçamentária'!$H$104 -> 7.22 | F95: ='Planilha Orçamentária'!$I$104 -> R$ | G95: ='Planilha Orçamentária'!$J$104 -> 481.1808
A96: ='Planilha Orçamentária'!$D$105 -> TRANSPORTE COM CAMINHÃO BASCULANTE DE 10 M³, EM VIA URBANA PAVIMENTADA, DMT ATÉ 30 KM (UNIDADE: M3XKM). AF_07/2020 | B96: ='Planilha Orçamentária'!$E$105 -> M3XKM | C96: ='Planilha Orçamentária'!$F$105 -> 626.46808 | D96: ='Planilha Orçamentária'!$G$105 -> R$ | E96: ='Planilha Orçamentária'!$H$105 -> 2.56 | F96: ='Planilha Orçamentária'!$I$105 -> R$ | G96: ='Planilha Orçamentária'!$J$105 -> 1603.7583
A97: ='Planilha Orçamentária'!$D$106 -> DEMOLIÇÃO PARCIAL DE PAVIMENTO ASFÁLTICO, DE FORMA MECANIZADA, SEM REAPROVEITAMENTO. AF_09/2023 | B97: ='Planilha Orçamentária'!$E$106 -> M2 | C97: ='Planilha Orçamentária'!$F$106 -> 2521.74 | D97: ='Planilha Orçamentária'!$G$106 -> R$ | E97: ='Planilha Orçamentária'!$H$106 -> 24.44 | F97: ='Planilha Orçamentária'!$I$106 -> R$ | G97: ='Planilha Orçamentária'!$J$106 -> 61631.326
A98: ='Planilha Orçamentária'!$D$107 -> CARGA, MANOBRA E DESCARGA DE ENTULHO EM CAMINHÃO BASCULANTE 10 M³ - CARGA COM ESCAVADEIRA HIDRÁULICA (CAÇAMBA DE 0,80 M³ / 111 HP) E DESCARGA LIVRE (UNIDADE: M3). AF_07/2020 | B98: ='Planilha Orçamentária'!$E$107 -> M3 | C98: ='Planilha Orçamentária'!$F$107 -> 163.9131 | D98: ='Planilha Orçamentária'!$G$107 -> R$ | E98: ='Planilha Orçamentária'!$H$107 -> 9.34 | F98: ='Planilha Orçamentária'!$I$107 -> R$ | G98: ='Planilha Orçamentária'!$J$107 -> 1530.9484
A99: ='Planilha Orçamentária'!$D$108 -> TRANSPORTE COM CAMINHÃO BASCULANTE DE 10 M³, EM VIA URBANA PAVIMENTADA, ADICIONAL PARA DMT EXCEDENTE A 30 KM (UNIDADE: M3XKM). AF_07/2020 | B99: ='Planilha Orçamentária'!$E$108 -> M3XKM | C99: ='Planilha Orçamentária'!$F$108 -> 1540.7831 | D99: ='Planilha Orçamentária'!$G$108 -> R$ | E99: ='Planilha Orçamentária'!$H$108 -> 1.01 | F99: ='Planilha Orçamentária'!$I$108 -> R$ | G99: ='Planilha Orçamentária'!$J$108 -> 1556.191
A100: ='Planilha Orçamentária'!$D$109 -> ESCAVAÇÃO HORIZONTAL, INCLUINDO ESCARIFICAÇÃO, CARGA, DESCARGA E TRANSPORTE EM SOLO DE 2A CATEGORIA COM TRATOR DE ESTEIRAS (170HP/LÂMINA: 5,20M3) E CAMINHÃO BASCULANTE DE 10M3, DMT ATÉ 200M. AF_07/2020 | B100: ='Planilha Orçamentária'!$E$109 -> M3 | C100: ='Planilha Orçamentária'!$F$109 -> 1134.783 | D100: ='Planilha Orçamentária'!$G$109 -> R$ | E100: ='Planilha Orçamentária'!$H$109 -> 16.78 | F100: ='Planilha Orçamentária'!$I$109 -> R$ | G100: ='Planilha Orçamentária'!$J$109 -> 19041.659
...
